Workbook

Sheet MENU PLANILHA
A1: PRÓ-REITORIA DE ADMINISTRAÇÃO
A2: COORDENAÇÃO DE CONTRATOS
A4: Contratação de empresa para prestação de serviços continuados de Manutenção Predial, com regime de dedicação exclusiva de mão de obra, com fornecimento de materiais de reposição e atendimento da Universidade Federal Fluminense
A5: LOTE 1 - MÃO DE OBRA MANUTENÇÃO PREDIAL
E15: dos Equipamentos (preenchimento licitante)
E22: x

Sheet Anexo II-A Endereço
A1: PRÓ-REITORIA DE ADMINISTRAÇÃO
A2: COORDENAÇÃO DE CONTRATOS
A4: Anexo II - A - ENDEREÇO DAS UNIDADES
A5: Contratação de empresa para prestação de serviços continuados de Manutenção Predial, com regime de dedicação exclusiva de mão de obra, com fornecimento de materiais de reposição e atendimento da Universidade Federal Fluminense
A7: Item | B7: Descrição | C7: Prédio | D7: Endereço
A8: 1 | B8: Reitoria | C8: 1 | D8: Prédio Principal: 8 andares | E8: Rua Miguel de Frias, 9 - Icaraí - Niterói - RJ
C9: 2 | D9: Perícia Médica | E9: Av. Miguel de Frias, 77 - Icaraí - Niterói
B10: Campus do Valonguinho | C10: 3 | D10: Escola de Extensão, Protocolo e outros | E10: Av. Visconde do Rio Branco s/n.º, bairro Centro, Niterói - RJ
C11: 4 | D11: Biblioteca Central e DCE
C12: 5 | D12: Facu. Administração (antiga matematica)
C13: 6 | D13: Dispensário “Mazine Bueno”
C14: 7 | D14: Núcleo de Animais de Laboratório - NAL
C15: 8 | D15: LANTE
C16: 9 | D16: Faculdades de Nutrição e Administração
C17: 10 | D17: Faculdade de Odontologia
C18: 11 | D18: Pórtico de Entrada Valonguinho
B19: Complexo Instituto de Química | C19: 12 | D19: Instituto de Química | E19: Av. Visconde do Rio Branco s/n.º, bairro Centro, Niterói - RJ
C20: 13 | D20: Instituto de Química
B21: Complexo Inst. Biomédico | C21: 14 | D21: Bloco B - DST | E21: Av. Visconde do Rio Branco s/n.º, bairro Centro, Niterói - RJ
C22: 15 | D22: Bloco C - Salas de Aula
C23: 16 | D23: Bloco D - Anatômico
C24: 17 | D24: Bloco E - Pesquisas
C25: 18 | D25: Bloco A - Prédio Central | E25: Rua Professor Hernani Mello, 101 São Domingos Niterói – RJ
B26: Complexo Inst. Biologia | C26: 19 | D26: Instituto de Biologia Bloco Principal | E26: Av. Visconde do Rio Branco s/n.º, bairro Centro, Niterói - RJ
C27: 20 | D27: Instituto de Biologia Bloco Anexo
C28: 21 | D28: Prédio Salas de Aulas Biologia (Antigo Inst. Física)
B29: Campus do Gragoatá | C29: 23 | D29: Bloco D - Faculdade de Educação | E29: Av. Visconde do Rio Branco s/n.º, bairro de São Domingos, Niterói - RJ
C30: 24 | D30: Bloco E - Escola de Serviço Social
C31: 25 | D31: Bloco F - Faculdade de Economia
C32: 26 | D32: Bloco G - Instituto de Matemática e Estatística e Faculdade de Turismo
C33: 27 | D33: Bloco H - Faculdade de Turismo e Hotelaria
C34: 28 | D34: Biologia NOVO Bloco M - Gragoatá
C35: 29 | D35: Superintendência de Documentação - SDC
C36: 30 | D36: Faculdade de Educação Física - FACDEF
C37: 31 | D37: Pórtico Faculdade de Educação Física
C38: 32 | D38: Pórtico Principal Campus Gragoatá
B39: Complexo ICHF | C39: 33 | D39: Bloco N - Instituto de Ciências Humanas e Filosofia - ICHF | E39: R. Alexandre Moura, 8 - São Domingos, Niterói - RJ, 24210-200
C40: 34 | D40: Bloco O - Instituto de Ciências Humanas e Filosofia - ICHF
C41: 35 | D41: Bloco P - Instituto de Ciências Humanas e Filosofia - ICHF
B42: Complexo Instituto de Letras | C42: 36 | D42: Bloco B - Instituto de Letras | E42: R. Alexandre Moura, 8 - São Domingos, Niterói - RJ, 24210-200
C43: 37 | D43: Bloco C - Instituto de Letras
B44: Campus da Praia Vermelha | C44: 38 | D44: Escola de Arquitetura (e anexos) | E44: Rua Passo da Pátria, n.º 156, bairro São Domingos, Niterói - RJ
C45: 39 | D45: Instituto de Geociências
C46: 40 | D46: Biblioteca do Campus
C47: 41 | D47: Horto Viveiro
C48: 42 | D48: Pórtico Passos da Pátria
C49: 43 | D49: Pórtico Boa Viagem
C50: 44 | D50: Pórtico Avenida Litorânea
B51: Complexo Escola de Engenharia | C51: 45 | D51: Bloco D - Escola de Engenharia - Niterói | E51: Rua Passo da Pátria, n.º 156, bairro São Domingos, Niterói - RJ
C52: 46 | D52: Bloco E - Escola de Engenharia Niterói
B53: Complexo Instituto de Computação | C53: 47 | D53: Instituto de Computação - Laboratórios | E53: Rua Passo da Pátria, n.º 156, bairro São Domingos, Niterói - RJ
C54: 48 | D54: Instituto de Computação - Salas de Aula UFAS
C55: 49 | D55: ADDLABS
B56: Complexo Instituto de Física | C56: 50 | D56: Instituto de Física - Bloco F | E56: Rua Passo da Pátria, n.º 156, bairro São Domingos, Niterói - RJ
C57: 51 | D57: UFASA Física
B58: Complexo PROAES | C58: 52 | D58: Restaurante Universitário - Gragoatá | E58: Av. Visconde do Rio Branco s/n.º, bairro de São Domingos, Niterói - RJ
C59: 53 | D59: Restaurante Universitário - Praia Vermelha | E59: Rua Passo da Pátria, n.º 156, bairro São Domingos, Niterói - RJ
C60: 54 | D60: Restaurante Universitário - HUAP | E60: Rua Marquês de Paraná 303 - Centro, Niterói - RJ
C61: 55 | D61: Restaurante Universitário - Reitoria | E61: Rua Miguel de Frias, 9 - Icaraí - Niterói - RJ
C62: 56 | D62: Moradia Estudantil - Niterói | E62: Av. Visconde do Rio Branco s/n.º, bairro de São Domingos, Niterói - RJ
C63: 57 | D63: Moradia Estudantil - Rio das Ostras | E63: Rua Recife. Quadra 07, Jardim Bela Vista, Rio das Ostras - RJ
B64: UNIDADES ISOLADAS NITERÓI | C64: 58 | D64: Instituto de Artes e Comunicação Social - IACS | E64: Rua Lara Vilela, 126 - São Domingos, Niterói - RJ
C65: 59 | D65: Arquivo SDC - Jurujuba | E65: Av. Bento Maria da Costa, 115 A - Jurujuba, Niterói - RJ
C66: 60 | D66: CRIAA - Barreto | E66: Rua General Castrioto, 588, Barreto, Niterói - RJ
C67: 61 | D67: CAJUFF e NEPHU | E67: Almirante Teffé, 637, Centro, Niterói - RJ
C68: 62 | D68: Escola de Enfermagem | E68: Rua Dr. Celestino,78- Centro, Niterói - RJ
C69: 63 | D69: Faculdade de Medicina | E69: Rua Marquês de Paraná 303 - Centro, Niterói - RJ
C70: 64 | D70: Instituto de Saúde da Comunidade | E70: Rua Marquês de Paraná, 303 - Centro, Niterói - RJ
C71: 65 | D71: Mequinho | E71: Av. Jansem de Mello, 174/Fundos – Centro, Niterói - RJ
B72: Complexo Fac. Direito | C72: 66 | D72: Faculdade de Direito | E72: Rua Presidente Pedreira,62 - Ingá, Niterói - RJ
C73: 67 | D73: Faculdade de Direito II | E73: Rua Tiradentes, 17 - Ingá, Niterói - RJ
B74: Complexo Fac. Farmácia | C74: 68 | D74: Faculdade de Farmácia | E74: Rua Mário Viana. 523 - Santa Rosa, Niterói - RJ
C75: 69 | D75: Farmácia Universitária | E75: Rua Marquês do Paraná, 282 – Centro, Niterói - RJ
B76: Complexo COLUNI | C76: 70 | D76: Colégio Universitário Geraldo Reis - COLUNI | E76: Rua Alexandre Moura, 8 - São Domingos, Niterói - RJ
C77: 71 | D77: Creche UFF | E77: R. Alexandre Moura, 8 - São Domingos, Niterói - RJ, 24210-200
B78: Complexo PROGRAD | C78: 72 | D78: Bloco A - UFASA PROGRAD Gragoatá | E78: R. Alexandre Moura, 8 - São Domingos, Niterói - RJ, 24210-200
C79: 73 | D79: Bloco H - UFFASA PROGRAD - Praia Vermelha | E79: Rua Passo da Pátria, n.º 156, bairro São Domingos, Niterói - RJ
B80: Unidades do Interior | C80: 74 | D80: Escola de Engenharia de Petrópolis | E80: Rua Domingos Silvério, sn. Quitandinha - Petrópolis
C81: 75 | D81: Instituto de Saúde de Nova Friburgo (incluindo unidade de Fonoaudiologia) | E81: Rua Dr. Silvio Henrique Braune, 22, Centro, Nova Friburgo - RJ
C82: 76 | D82: Instituto do Noroeste Fluminense e Educação Superior | E82: Rua Chaim Elias, s/n.º, Centro, Santo Antônio de Pádua - RJ
C83: 77 | D83: Instituto de Ciência e Tecnologia - ICT | E83: Rua Recife. Quadra 07, Jardim Bela Vista, Rio das Ostras - RJ
C84: 78 | D84: Instituto de Humanidades e Saúde - IHS | E84: Rua Recife. Quadra 07, Jardim Bela Vista, Rio das Ostras - RJ
C85: 79 | D85: Serviço de Psicologia Aplicada (SPA) Rio das Ostras | E85: Rua Recife. Quadra 07, Jardim Bela Vista, Rio das Ostras - RJ
C86: 80 | D86: Pólo Univ. de Macaé (incluindo prédio novo) | E86: Av. Aluízio da Silva Gomes, 50 - Granja dos Cavaleiros - Macaé
C87: 81 | D87: Pólo Campos Goytacazes (incluindo SPA) | E87: Rua José do Patrocínio, 71 - Campos dos Goytacazes - RJ
B88: Complexo Faculdade de Veterinária | C88: 82 | D88: Faculdade de Veterinária | E88: Rua Vital Brazil Filho, 64 - Vital Brazil, Niteroi - RJ
C89: 83 | D89: Hospital Veterinário - HUVET
C90: 84 | D90: Núcleo Experimental de Iguaba | E90: Rod. Amaral Peixoto, Km 100 - Iguaba Grande - RJ
C91: 85 | D91: Fazenda Escola da Faculdade de Veterinária | E91: Rod. RJ 122, Km 32 - Funchal - Cachoeira de Macacu - RJ
B92: Complexo Volta Redonda | C92: 86 | D92: Escola de Engenharia Industrial e Metalúrgica de Volta Redonda | E92: Av. dos Trabalhadores, 420 - Volta Redonda - RJ
C93: 87 | D93: Instituto de Ciências Humanas e Sociais de VR | E93: Rua Desembargador Ellys Hermidyo Figueira 783 - Aterrado - Volta Redonda
C94: 88 | D94: Instituto de Ciências Exatas de VR | E94: Rua Desembargador Ellys Hermidyo Figueira 783 - Aterrado - Volta Redonda
B95: Complexo Angra dos Reis | C95: 89 | D95: Instituto de Educação de Angra dos Reis | E95: Av. do Trabalhador, 179 - Jacuecanga - Angra dos Reis
C96: 90 | D96: Angra dos Reis II | E96: Av. Vereador Benedito Adelino - Retiro, Angra dos Reis - RJ

Sheet Anexo II-B Salários
A1: PRÓ-REITORIA DE ADMINISTRAÇÃO
A2: COORDENAÇÃO DE CONTRATOS
A4: Anexo II - B - Composição dos salários
A5: Contratação de empresa para prestação de serviços continuados de Manutenção Predial, com regime de dedicação exclusiva de mão de obra, com fornecimento de materiais de reposição e atendimento da Universidade Federal Fluminense
A7: Item | B7: Descrição/Especificação | C7: CCT RJ00738/2024 | D7: Quantidade | F7: Total de Postos | G7: Funcionários
D8: Niterói | E8: Interior
A9: 1 | B9: Supervisor | C9: 3976.85 | D9: 4 | E9: 2 | F9: =SUM(D9:E9) -> 6 | G9: =F9 -> 6
A10: 2 | B10: Técnico em Eletrotécnica | C10: 3236.16 | D10: 4 | E10: 0 | F10: =SUM(D10:E10) -> 4 | G10: =F10 -> 4
A11: 3 | B11: Eletricista de Manutenção | C11: 2380.35 | D11: 9 | E11: 10 | F11: =SUM(D11:E11) -> 19 | G11: =F11 -> 19
A12: 4 | B12: Meio Oficial de Elétrica | C12: 1739.77 | D12: 9 | E12: 0 | F12: =SUM(D12:E12) -> 9 | G12: =F12 -> 9
A13: 5 | B13: Eletricista de Manutenção (plantão) | C13: 2380.35 | D13: 1 | E13: 0 | F13: =SUM(D13:E13) -> 1 | G13: 2
A14: 6 | B14: Bombeiro Hidráulico | C14: 2380.35 | D14: 9 | E14: 10 | F14: =SUM(D14:E14) -> 19 | G14: =F14 -> 19
A15: 7 | B15: Bombeiro Hidráulico (plantão) | C15: 2380.35 | D15: 1 | E15: 0 | F15: =SUM(D15:E15) -> 1 | G15: 2
A16: 8 | B16: Carpinteiro | C16: 2347.34 | D16: 3 | E16: 0 | F16: =SUM(D16:E16) -> 3 | G16: =F16 -> 3
A17: 9 | B17: Pedreiro | C17: 2347.34 | D17: 6 | E17: 10 | F17: =SUM(D17:E17) -> 16 | G17: =F17 -> 16
A18: 10 | B18: Gesseiro | C18: 2347.34 | D18: 1 | E18: 0 | F18: =SUM(D18:E18) -> 1 | G18: =F18 -> 1
A19: 11 | B19: Serralheiro | C19: 2347.34 | D19: 3 | E19: 0 | F19: =SUM(D19:E19) -> 3 | G19: =F19 -> 3
A20: 12 | B20: Vidraceiro | C20: 2347.34 | D20: 1 | E20: 0 | F20: =SUM(D20:E20) -> 1 | G20: =F20 -> 1
A21: 13 | B21: Soldador | C21: 2512.05 | D21: 1 | E21: 0 | F21: =SUM(D21:E21) -> 1 | G21: =F21 -> 1
A22: 14 | B22: Mecânico de Refrigeração | C22: 2380.35 | D22: 8 | E22: 0 | F22: =SUM(D22:E22) -> 8 | G22: =F22 -> 8
A23: 15 | B23: Pintor | C23: 2347.34 | D23: 6 | E23: 0 | F23: =SUM(D23:E23) -> 6 | G23: =F23 -> 6
A24: 16 | B24: Ajudantes (serventes) | C24: 1594.67 | D24: 24 | E24: 10 | F24: =SUM(D24:E24) -> 34 | G24: =F24 -> 34
A25: 17 | B25: Motorista Cat. B | C25: 2582.08 | D25: 3 | E25: 0 | F25: =SUM(D25:E25) -> 3 | G25: =F25 -> 3
A26: 18 | B26: Assistente técnico | C26: 2553.64 | D26: 1 | E26: 0 | F26: =SUM(D26:E26) -> 1 | G26: =F26 -> 1
A27: 19 | B27: Oficial de Manutenção Predial | C27: 2347.34 | D27: 0 | E27: 3 | F27: =SUM(D27:E27) -> 3 | G27: =F27 -> 3
A28: 20 | B28: Técnico de Segurança do Trabalho | C28: 3236.16 | D28: 1 | E28: 0 | F28: =SUM(D28:E28) -> 1 | G28: =F28 -> 1
A29: TOTAL | D29: =SUM(D9:D28) -> 95 | E29: =SUM(E9:E28) -> 45 | F29: =SUM(F9:F28) -> 140 | G29: =SUM(G9:G28) -> 142

Sheet Anexo II-C Distribuição Postos
A1: PRÓ-REITORIA DE ADMINISTRAÇÃO
A2: COORDENAÇÃO DE CONTRATOS
A4: Anexo II - C - DISTRIBUIÇÃO DOS POSTOS POR LOCALIDADE
A5: Contratação de empresa para prestação de serviços continuados de Manutenção Predial, com regime de dedicação exclusiva de mão de obra, com fornecimento de materiais de reposição e atendimento da Universidade Federal Fluminense
A7: Item | B7: Discriminação do Posto | C7: Carga Horária | D7: Niterói | E7: Volta Redonda | F7: Angra dos Reis | G7: Petrópolis | H7: Nova Friburgo | I7: Rio das Ostras | J7: Macaé | K7: Campos dos Goytacazes | L7: Santo Antônio de Pádua
A9: 1 | B9: Supervisor | C9: 44h | D9: 4 | E9: 1 | F9: 0 | G9: 0 | H9: 0 | I9: 0 | J9: 0 | K9: 1 | L9: 0
A10: 2 | B10: Técnico em Eletrotécnica | C10: 44h | D10: 4 | E10: 0 | F10: 0 | G10: 0 | H10: 0 | I10: 0 | J10: 0 | K10: 0 | L10: 0
A11: 3 | B11: Eletricista de Manutenção | C11: 44h | D11: 9 | E11: 2 | F11: 1 | G11: 1 | H11: 1 | I11: 1 | J11: 1 | K11: 2 | L11: 1
A12: 4 | B12: Meio Oficial de Elétrica | C12: 44h | D12: 9 | E12: 0 | F12: 0 | G12: 0 | H12: 0 | I12: 0 | J12: 0 | K12: 0 | L12: 0
A13: 5 | B13: Eletricista de Manutenção (plantonista) | C13: 12x36h Diurno | D13: 1 | E13: 0 | F13: 0 | G13: 0 | H13: 0 | I13: 0 | J13: 0 | K13: 0 | L13: 0
A14: 6 | B14: Bombeiro Hidráulico | C14: 44h | D14: 9 | E14: 2 | F14: 1 | G14: 1 | H14: 1 | I14: 1 | J14: 1 | K14: 2 | L14: 1
A15: 7 | B15: Bombeiro Hidráulico (plantonista) | C15: 12x36h Diurno | D15: 1 | E15: 0 | F15: 0 | G15: 0 | H15: 0 | I15: 0 | J15: 0 | K15: 0 | L15: 0
A16: 8 | B16: Carpinteiro | C16: 44h | D16: 3 | E16: 0 | F16: 0 | G16: 0 | H16: 0 | I16: 0 | J16: 0 | K16: 0 | L16: 0
A17: 9 | B17: Pedreiro | C17: 44h | D17: 6 | E17: 2 | F17: 1 | G17: 1 | H17: 1 | I17: 1 | J17: 1 | K17: 2 | L17: 1
A18: 10 | B18: Gesseiro | C18: 44h | D18: 1 | E18: 0 | F18: 0 | G18: 0 | H18: 0 | I18: 0 | J18: 0 | K18: 0 | L18: 0
A19: 11 | B19: Serralheiro | C19: 44h | D19: 3 | E19: 0 | F19: 0 | G19: 0 | H19: 0 | I19: 0 | J19: 0 | K19: 0 | L19: 0
A20: 12 | B20: Vidraceiro | C20: 44h | D20: 1 | E20: 0 | F20: 0 | G20: 0 | H20: 0 | I20: 0 | J20: 0 | K20: 0 | L20: 0
... A28: 20 | B28: Técnico de Segurança do Trabalho | C28: 20h | D28: 1 | E28: 0 | F28: 0 | G28: 0 | H28: 0 | I28: 0 | J28: 0 | K28: 0 | L28: 0
A29: Total | D29: =SUM(D9:D28) -> 95 | E29: =SUM(E9:E28) -> 9 | F29: =SUM(F9:F28) -> 5 | G29: =SUM(G9:G28) -> 5 | H29: =SUM(H9:H28) -> 4 | I29: =SUM(I9:I28) -> 4 | J29: =SUM(J9:J28) -> 5 | K29: =SUM(K9:K28) -> 9 | L29: =SUM(L9:L28) -> 4

Sheet Anexo III-A Equipamentos
A1: PRÓ-REITORIA DE ADMINISTRAÇÃO
A2: COORDENAÇÃO DE CONTRATOS
A4: Anexo III - A - PLANILHA DE COMPOSIÇÃO DE CUSTOS E FORMAÇÃO DE PREÇOS
A5: Contratação de empresa para prestação de serviços continuados de Manutenção Predial, com regime de dedicação exclusiva de mão de obra, com fornecimento de materiais de reposição e atendimento da Universidade Federal Fluminense
A7: ITEM | B7: DESCRIÇÃO | C7: QTDE. | D7: CUSTO UNITÁRIO | E7: CUSTO TOTAL
A8: 1 | B8: Alavanca de Aço de 1” x 1,50m | C8: 13 | D8: 188.26 | E8: =C8*D8 -> 2447.38
A9: 2 | B9: Alicate Volt-Amperímetro Digital 1000A - Minipa, Fluke ou similar | C9: 13 | D9: 119.15 | E9: =C9*D9 -> 1548.95
A10: 3 | B10: Alicate amperimetro com função NCV | C10: 4 | D10: 61.77 | E10: =C10*D10 -> 247.08
A11: 4 | B11: Alicate Bomba d’Água 10” | C11: 16 | D11: 45 | E11: =C11*D11 -> 720
A12: 5 | B12: Alicate Cortador, Descascador e Desencapador de Fios | C12: 13 | D12: 45.01 | E12: =C12*D12 -> 585.13
A13: 6 | B13: Alicate Corta-Vergalhão | C13: 3 | D13: 86.24 | E13: =C13*D13 -> 258.72
A14: 7 | B14: Alicate de Bico Isolado 1/2” cano reto 6” | C14: =13+8 -> 21 | D14: 24.35 | E14: =C14*D14 -> 511.35
A15: 8 | B15: Alicate de Corte Isolado 1000V 8” | C15: 13 | D15: 30.66 | E15: =C15*D15 -> 398.58
A16: 9 | B16: Alicate de Corte Diagonal 6” | C16: =13+8 -> 21 | D16: 29.26 | E16: =C16*D16 -> 614.46
A17: 10 | B17: Alicate de Corte frontal 1kv | C17: 8 | D17: 26.33 | E17: =C17*D17 -> 210.64
A18: 11 | B18: Alicate de Pressão 10" | C18: =16+8 -> 24 | D18: 20.49 | E18: =C18*D18 -> 491.76
A19: 12 | B19: Alicate de pressão lacrador(cobre) | C19: 8 | D19: 29.6 | E19: =C19*D19 -> 236.8
A20: 13 | B20: Alicate Lokring Tubos Cobre E Aluminio Com Mordentes Linha Branca 1/4 A 5/16 | C20: 2 | D20: 437.5 | E20: =C20*D20 -> 875
A21: 14 | B21: Alicate para Prensar Terminais 1,5 - 16 mm² | C21: 13 | D21: 132.94 | E21: =C21*D21 -> 1728.22
A22: 15 | B22: Alicate Prensa Terminal 10 - 300mm² | C22: 1 | D22: 207.73 | E22: =C22*D22 -> 207.73
A23: 16 | B23: Alicate para Anéis Trava Externa | C23: 8 | D23: 42.74 | E23: =C23*D23 -> 341.92
A24: 17 | B24: Alicate para Anéis trava Internos | C24: 8 | D24: 20.42 | E24: =C24*D24 -> 163.36
A25: 18 | B25: Alicate Prensa Terminal Hidráulico 10-300 mm² | C25: 1 | D25: 207.73 | E25: =C25*D25 -> 207.73
A26: 19 | B26: Alicate Universal 8” | C26: =6+8 -> 14 | D26: 24.93 | E26: =C26*D26 -> 349.02
A27: 20 | B27: Alicate Universal Isolado 1000V 8” | C27: 13 | D27: 34.08 | E27: =C27*D27 -> 443.04
A28: 21 | B28: Anemometro digital | C28: 1 | D28: 133.33 | E28: =C28*D28 -> 133.33
A29: 22 | B29: Arco de Serra Manual Fixo 12” | C29: =13+8 -> 21 | D29: 19.92 | E29: =C29*D29 -> 418.32
A30: 23 | B30: Balança Digital Refrigeracao 100Kg | C30: 1 | D30: 887 | E30: =C30*D30 -> 887
A31: 24 | B31: Bandeja Grande para Pintura 23cm | C31: 24 | D31: 4.77 | E31: =C31*D31 -> 114.48
A32: 25 | B32: Bolsa de Ferramentas de Lona 33 cm x 50 cm x 27 cm | C32: 30 | D32: 82 | E32: =C32*D32 -> 2460
A33: 26 | B33: Bomba Vácuo 12 Cfm Duplo Estagio | C33: 4 | D33: 848.33 | E33: =C33*D33 -> 3393.32
A34: 27 | B34: Broca Escalonada para Chapas 5-35 mm / 6-30 mm | C34: 2 | D34: 104.67 | E34: =C34*D34 -> 209.34
A35: 28 | B35: Broxa Retangular para Pintura 190 x 76 mm | C35: 24 | D35: 6.97 | E35: =C35*D35 -> 167.28
A36: 29 | B36: Cabo Extensor Para Rolo De Pintura De 3 Metros | C36: 6 | D36: 29.11 | E36: =C36*D36 -> 174.66
A37: 30 | B37: Caixa de Ferramentas com 7 Gavetas em aço | C37: 8 | D37: 137.93 | E37: =C37*D37 -> 1103.44
A38: 31 | B38: Carrinho de Mão para Pedreiro | C38: 16 | D38: 135.67 | E38: =C38*D38 -> 2170.72
A39: 32 | B39: Carrinho Plataforma Capacidade Mínima 300 kg | C39: 1 | D39: 1260.23 | E39: =C39*D39 -> 1260.23
A40: 33 | B40: Cavadeira Articulada com Cabo de Eucalipto 110 cm | C40: 13 | D40: 29.57 | E40: =C40*D40 -> 384.41
A41: 34 | B41: Cavadeira Reta com Cabo | C41: 13 | D41: 28.8 | E41: =C41*D41 -> 374.4
... A148: 141 | B148: Marreta Oitavada 1.000 g | C148: 13 | D148: 23.59 | E148: =C148*D148 -> 306.67
A149: 142 | B149: Marreta Oitavada 500 g | C149: =13+8 -> 21 | D149: 17.24 | E149: =C149*D149 -> 362.04
A150: 143 | B150: Martelete Combinado 1050 W com Maleta | C150: 2 | D150: 657.44 | E150: =C150*D150 -> 1314.88
A151: 144 | B151: Martelete Combinado 800 W com Maleta | C151: 1 | D151: 455 | E151: =C151*D151 -> 455
A152: 145 | B152: Martelete Perfurador Rompedor (SDS) | C152: 1 | D152: 459.88 | E152: =C152*D152 -> 459.88
A153: 146 | B153: Martelo de Borracha para Pedreiros | C153: 12 | D153: 13.79 | E153: =C153*D153 -> 165.48
A154: 147 | B154: Martelo de Unha com Cabo de Madeira 25 mm | C154: 13 | D154: 14.86 | E154: =C154*D154 -> 193.18
A155: 148 | B155: Máscara de Solda com Autoescurecimento Variável 9-13 | C155: 3 | D155: 50.5 | E155: =C155*D155 -> 151.5
A156: 149 | B156: Máscara Protetora para Solda | C156: 3 | D156: 89.06 | E156: =C156*D156 -> 267.18
A157: 150 | B157: Masseira Plástica para Pedreiro 20 L | C157: 40 | D157: 16.64 | E157: =C157*D157 -> 665.6
A158: 151 | B158: Mini Cortador Tubo 1/8 A 5/ | C158: 8 | D158: 43 | E158: =C158*D158 -> 344
A159: 152 | B159: Morsa Torno para Encanador Fixo nº 6 Abertura Máxima 152,4 mm | C159: 1 | D159: 142.16 | E159: =C159*D159 -> 142.16
A160: 153 | B160: Nível em Alumínio 250 mm | C160: =13+8 -> 21 | D160: 20.13 | E160: =C160*D160 -> 422.73
A161: 154 | B161: Pá Ajuntadeira com Cabo Reto | C161: 13 | D161: 24.04 | E161: =C161*D161 -> 312.52
A162: 155 | B162: Pá Reta com Cabo | C162: 13 | D162: 37.53 | E162: =C162*D162 -> 487.89
A163: 156 | B163: Parafusadeira Elétrica Velocidade Variável 1/4” 700 W | C163: 13 | D163: 153.58 | E163: =C163*D163 -> 1996.54
A164: 157 | B164: Parafusadeira 18v | C164: 4 | D164: 290.16 | E164: =C164*D164 -> 1160.64
A165: 158 | B165: Picareta 5 Libras com Olho de 70 x 45 mm e Cabo de Madeira de 90 cm | C165: 6 | D165: 71.96 | E165: =C165*D165 -> 431.76
A166: 159 | B166: Pistola de Limpeza Para Ar Condicionado Com Bateria | C166: 4 | D166: 81.67 | E166: =C166*D166 -> 326.68
A167: 160 | B167: Plaina Elétrica | C167: 3 | D167: 486.17 | E167: =C167*D167 -> 1458.51
A168: 161 | B168: Policorte 14” 1750 W (Serra Rápida) | C168: 1 | D168: 848.33 | E168: =C168*D168 -> 848.33
A169: 162 | B169: Ponteiro 10” | C169: 12 | D169: 10.3 | E169: =C169*D169 -> 123.6
A170: 163 | B170: Ponteiro Aço Cromado 3/4 X 12 Pol | C170: 8 | D170: 42.73 | E170: =C170*D170 -> 341.84
A171: 164 | B171: Prumo para Pedreiro 0,8 x 10 m | C171: 12 | D171: 21.8 | E171: =C171*D171 -> 261.6
A172: 165 | B172: Rebitador Manual 3/32”, 1/8”, 5/32”, 3/16” | C172: 6 | D172: 28.28 | E172: =C172*D172 -> 169.68
... A193: 186 | B193: Trena 50 m | C193: 1 | D193: 49.59 | E193: =C193*D193 -> 49.59
A194: 187 | B194: Trena de 5 m com Fita de Metal Reversível e Corpo Emborrachado | C194: =41+8 -> 49 | D194: 7.3 | E194: =C194*D194 -> 357.7
A195: 188 | B195: Trena Laser 40 m | C195: 1 | D195: 150.33 | E195: =C195*D195 -> 150.33
A196: 189 | B196: Vacuômetro digital | C196: 2 | D196: 114.28 | E196: =C196*D196 -> 228.56
A197: Total | E197: =SUM(E8:E196) -> 138761.92
A198: Taxa de Depreciação Anual (A taxa de depreciação utilizada de acordo com tabela da I.N. da SRF n.º 1700/2017.) | E198: 0.2
A199: Custo Utilização Anual (Valor Tx. Depreciação) | E199: =ROUND(E197*E198,2) -> 27752.38
A200: Custo Utilização Mensal | E200: =ROUND(E199/12,2) -> 2312.7
A203: Disponibilização de carros sem motorista, franquia mensal de 10.500 Km
A204: Item | B204: Descrição | D204: Quantidade | E204: Valor de referência FIPE (set/24) | F204: Depreciação
A205: 1 | B205: Veículo com capacidade para 5 passageiros, 5 portas, com no máximo 1 ano de fabricação, motor 1.0, com ar condicionado e direção elétrica assistida. Modelo comercial de referência: ARGO DRIVE 1.0 6V Flex | D205: 2 | E205: 74897 | F205: 60 meses
A206: 2 | B206: Veículo com capacidade para 2 passageiros, 3 portas, com caçamba para transporte de cargas, capacidade de transporte de carga de 720kg, motor 1.3, com ar condicionado e direção elétrica. Modelo comercial de referência: Strada Freedom 1.3 Flex 8V CS Plus | D206: 2 | E206: 95079 | F206: 60 meses
A207: 3 | B207: Veículo com capacidade para 5 passageiros, 5 portas, com caçamba para transporte de cargas, capacidade de transporte de carga de 650kg, motor 1.3 L, com ar condicionado e direção elétrica. Modelo comercial de referência: Strada Freedom 1.3 Flex 8V CD | D207: 2 | E207: 108438 | F207: 60 meses
A208: Custo mensal de utilização veículos | E208: =(E205+E206+E207)*2/60 -> 9280.4667
A210: Custo estimado de combustível para 10.500 km/mês
A211: Item | B211: Consumo médio km/L | C211: Franquia (km) | D211: Valor médio do combustível (L) | E211: Quantidade média de litros por mês | F211: Custo mensal estimado
A213: 1 | B213: 13.4 | C213: 2000 | D213: 6.29 | E213: =C213/B213 -> 149.25373 | F213: =(E213*D213)+(D214*E214)+(D215*E215) -> 5114.5858
A214: 2 | B214: 12.9 | C214: 6500 | D214: 6.29 | E214: =C214/B214 -> 503.87597
A215: 3 | B215: 12.5 | C215: 2000 | D215: 6.29 | E215: =C215/B215 -> 160
A217: Estimativa de custo para disponibilização de 6 carros, sem motorista, com franquia mensal de 10.500 km | E217: Valor mensal (R$) | F217: Custo anual (R$)
E218: =E208+F213 -> 14395.052 | F218: =E218*12 -> 172740.63
A219: Custo de Equipamentos | E219: =E200 -> 2312.7 | F219: =12*E219 -> 27752.4
A220: Custo Mensal de Equipamentos, Veículos e Combustível | E220: =E219+E218 -> 16707.752 | F220: =12*E220 -> 200493.03
A221: Custo Mensal de Equipamentos, Veículos e Combustível por supervisor (Total/6 postos) | E221: =E220/6 -> 2784.6254 | F221: =12*E221 -> 33415.505
A222: Consulta ao site <http://preco.anp.gov.br/include/Resumo_Por_Municipio_Posto.asp> Acesso em 09/2024

Sheet Anexo III-B Uniformes
A1: PRÓ-REITORIA DE ADMINISTRAÇÃO
A2: COORDENAÇÃO DE CONTRATOS
A4: Anexo III - B - PLANILHA DE COMPOSIÇÃO DE CUSTOS E FORMAÇÃO DE PREÇOS
A5: Contratação de empresa para prestação de serviços continuados de Manutenção Predial, com regime de dedicação exclusiva de mão de obra, com fornecimento de materiais de reposição e atendimento da Universidade Federal Fluminense
A7: 1. UNIFORME: SUPERVISOR
A8: Item | B8: Descrição | C8: Quantidade Anual | D8: Unidade | E8: Custo | G8: Conjunto de uniforme
E9: Unitário | F9: Total Anual por Funcionário
A10: 1.1 | B10: Calça comprida jeans, modelo tradicional, com bolsos laterais e traseiros, fechamento com botão e zíper | C10: 6 | D10: unid. | E10: 55.67 | F10: =E10*C10 -> 334.02 | G10: Cada conjunto de uniforme será composto por: 3 calças, 3 camisas, 5 pares de meia, 1 capa de chuva e 1 crachá.
A11: 1.2 | B11: Camisa polo, malha piquet, com emblema da empresa e os dizeres A SERVIÇO DA UFF | C11: 6 | D11: unid. | E11: 34 | F11: =E11*C11 -> 204
A12: 1.3 | B12: Capa de chuva plástica, com faixas fluorescentes, material pvc, uso profissional. | C12: 2 | D12: unid. | E12: 17.33 | F12: =E12*C12 -> 34.66
A13: 1.4 | B13: Crachá funcional, em pvc, com foto, nome e cargo. | C13: 1 | D13: unid. | E13: 4.11 | F13: =E13*C13 -> 4.11
A14: 1.5 | B14: Par de meia, mínimo de 70% algodão, cano médio | C14: 10 | D14: par | E14: 10.55 | F14: =E14*C14 -> 105.5
A15: Custo Anual por Funcionário | F15: =SUM(F10:F14) -> 682.29
A16: Custo Mensal com Uniforme por Funcionário | F16: =F15/12 -> 56.8575
A17: 2. EPIs: SUPERVISOR
A18: Item | B18: Descrição | C18: Quantidade por Funcionário | D18: Prazo para Troca | E18: Quantidade Anual por Funcionário | F18: Valor unitário estimado | G18: Valor total anual
A19: 2.1 | B19: Boné com proteção de pescoço | C19: 1 | D19: 12 meses | E19: 1 | F19: 9.87 | G19: =E19*F19 -> 9.87
A20: 2.2 | B20: Bota de Segurança para eletricista confeccionada em couro, sem componentes metálicos, com biqueira de composite e solado em PU bidensidade injetado | C20: 1 | D20: 12 meses | E20: 1 | F20: 122.31 | G20: =E20*F20 -> 122.31
A21: 2.3 | B21: Capacete de segurança classe B aba total com jugular | C21: 1 | D21: 12 meses | E21: 1 | F21: 32.33 | G21: =E21*F21 -> 32.33
A22: 2.4 | B22: Cinto de segurança, tipo PQD, com regulagem de cintura, coxas e suspensório e com 3 argolas (UN) | C22: 1 | D22: 24 meses | E22: 1 | F22: 154.55 | G22: =E22*F22 -> 154.55
A23: 2.5 | B23: Luva de algodão tricotada pigmentada (PAR) | C23: 4 | D23: 1 mês | E23: =48 -> 48 | F23: 2.59 | G23: =E23*F23 -> 124.32
A24: 2.6 | B24: Luva de segurança de tipo cobertura, em vaqueta e raspa (PAR) | C24: 1 | D24: 12 meses | E24: 1 | F24: 10.41 | G24: =E24*F24 -> 10.41
A25: 2.7 | B25: Luva de vaqueta de couro mista, cano curto (PAR) | C25: 1 | D25: 12 meses | E25: 1 | F25: 10.41 | G25: =E25*F25 -> 10.41
A26: 2.8 | B26: Luva isolante para eletricista, classe 0, máxima tensão de uso 1.000V (PAR) | C26: 1 | D26: 12 meses | E26: 1 | F26: 215.33 | G26: =E26*F26 -> 215.33
A27: 2.9 | B27: Óculos de segurança incolor para proteção dos olhos contra impactos de partículas volantes e contra raios ultravioletas | C27: 1 | D27: 12 meses | E27: 1 | F27: 3.06 | G27: =E27*F27 -> 3.06
A28: 2.10 | B28: Protetor auditivo do tipo inserção pré-moldado, de silicone com cordão | C28: 1 | D28: 2 meses | E28: 6 | F28: 0.89 | G28: =E28*F28 -> 5.34
A29: 2.11 | B29: Protetor auditivo tipo concha com parte externa em ABS, haste de sustentação em aço inoxidável, preenchido com espumas e almofadas desmontáveis. | C29: 1 | D29: 12 meses | E29: 1 | F29: 28.05 | G29: =E29*F29 -> 28.05
A30: 2.12 | B30: Respirador purificador de ar tipo peças semifaciais filtrantes para partículas, no formato dobrável, tipo PFF2, classe S, com válvula de exalação | C30: 4 | D30: 1 mês | E30: 48 | F30: 1.61 | G30: =E30*F30 -> 77.28
A31: 2.13 | B31: Talabarte duplo para cinto de segurança com elástico e absorvedor de energia (UN) | C31: 1 | D31: 24 meses | E31: 1 | F31: R$ 125,20 | G31: =E31*F31 -> 125.2
A32: 2.14 | B32: Trava queda para corda até 12mm (UN) | C32: 1 | D32: 24 meses | E32: 1 | F32: 123.33 | G32: =E32*F32 -> 123.33
A33: Custo Anual por funcionário | G33: =SUM(G19:G32) -> 1041.79
A34: Custo Mensal com EPIs por Funcionário | G34: =G33/12 -> 86.815833
A35: Custo Mensal com Uniformes e EPIs por Funcionário | G35: =G34+F16 -> 143.67333
A38: 1. UNIFORME: ELETRICISTA E MEIO OFICIAL DE ELÉTRICA
A39: Item | B39: Descrição | C39: Quantidade Anual | D39: Unidade | E39: Custo | G39: Conjunto de uniforme
E40: Unitário | F40: Total Anual por Funcionário
A41: 1.1 | B41: Calça comprida, material brim, modelo unissex, com elástico e cordão na cintura, 2 bolsos laterais e 2 traseiros | C41: 6 | D41: unid. | E41: 40.86 | F41: =E41*C41 -> 245.16 | G41: Cada conjunto de uniforme será composto por: 3 calças, 3 camisetas, 5 pares de meia, 1 capa de chuva, 2 jalecos e 1 crachá.
A42: 1.2 | B42: Camiseta, material 100% algodão, tipo manga curta, gola redonda, identificada com logomarca da empresa os dizeres A SERVIÇO DA UFF | C42: 6 | D42: unid. | E42: 19.42 | F42: =E42*C42 -> 116.52
A43: 1.3 | B43: Capa de chuva plástica, com faixas fluorescentes, material pvc, uso profissional. | C43: 2 | D43: unid. | E43: 17.33 | F43: =E43*C43 -> 34.66
A44: 1.4 | B44: Crachá funcional, em pvc, com foto, nome e cargo. | C44: 1 | D44: unid. | E44: 4.11 | F44: =E44*C44 -> 4.11
A45: 1.5 | B45: Jaleco profissional em brim leve, manga curta, fechamento com botões, com um bolso frontal, gola esporte e com logomarca da empresa. | C45: 4 | D45: unid. | E45: 51.6 | F45: =E45*C45 -> 206.4
A46: 1.6 | B46: Par de meia, mínimo de 70% algodão, cano médio | C46: 10 | D46: par | E46: 10.55 | F46: =E46*C46 -> 105.5
A47: Custo Anual por Funcionário | F47: =SUM(F41:F46) -> 712.35
A48: Custo Mensal com Uniforme por Funcionário | F48: =F47/12 -> 59.3625
A49: 2. EPIs: ELETRICISTA E MEIO OFICIAL DE ELÉTRICA
A50: Item | B50: Descrição | C50: Quantidade por Funcionário | D50: Prazo para Troca | E50: Quantidade Anual por Funcionário | F50: Valor unitário estimado | G50: Valor total anual
A51: 2.1 | B51: Boné com proteção de pescoço | C51: 1 | D51: 12 meses | E51: 1 | F51: 9.87 | G51: =E51*F51 -> 9.87
A52: 2.2 | B52: Bota de Segurança para eletricista confeccionada em couro, sem componentes metálicos, com biqueira de composite e solado em PU bidensidade injetado | C52: 1 | D52: 12 meses | E52: 1 | F52: 122.31 | G52: =F52*E52 -> 122.31
A53: 2.3 | B53: Capacete de segurança classe B aba total , com jugular (UN) | C53: 1 | D53: 12 meses | E53: 1 | F53: 32.33 | G53: =F53*E53 -> 32.33
A54: 2.4 | B54: Cinto de segurança, tipo PQD, com regulagem de cintura, coxas e suspensório e com 3 argolas (UN) | C54: 1 | D54: 24 meses | E54: 1 | F54: 154.55 | G54: =F54*E54 -> 154.55
A55: 2.5 | B55: Luva de algodão tricotada pigmentada (PAR) | C55: 3 | D55: 1 mês | E55: 36 | F55: 2.59 | G55: =F55*E55 -> 93.24
A56: 2.6 | B56: Luva de segurança de tipo cobertura, em vaqueta e raspa (PAR) | C56: 1 | D56: 12 meses | E56: 1 | F56: 10.41 | G56: =F56*E56 -> 10.41
A57: 2.7 | B57: Luva isolante para eletricista, classe 0, máxima tensão de uso 1.000V (PAR) | C57: 1 | D57: 12 meses | E57: 1 | F57: 215.33 | G57: =F57*E57 -> 215.33
A58: 2.8 | B58: Óculos de segurança incolor para proteção dos olhos contra impactos de partículas volantes e contra raios ultravioletas | C58: 1 | D58: 12 meses | E58: 2 | F58: 3.06 | G58: =F58*E58 -> 6.12
A59: 2.9 | B59: Protetor auditivo do tipo inserção pré-moldado, de silicone com cordão | C59: 1 | D59: 2 meses | E59: 6 | F59: 0.89 | G59: =F59*E59 -> 5.34
A60: 2.10 | B60: Protetor Facial contra arco elétrico para uso em conjunto com o capacete de segurança, classe B, tipo II | C60: 1 | D60: 12 meses | E60: 1 | F60: 20.75 | G60: =F60*E60 -> 20.75
A61: 2.11 | B61: Talabarte duplo para cinto de segurança com elástico e absorvedor de energia (UN) | C61: 1 | D61: 24 meses | E61: 1 | F61: 125.2 | G61: =F61*E61 -> 125.2
A62: 2.12 | B62: Trava queda para corda até 12mm (UN) | C62: 1 | D62: 24 meses | E62: 1 | F62: 123.33 | G62: =F62*E62 -> 123.33
A63: Custo Anual por funcionário | G63: =SUM(G51:G62) -> 918.78
A64: Custo Mensal com EPIs por Funcionário | G64: =G63/12 -> 76.565
A65: Custo Mensal com Uniformes e EPIs por Funcionário | G65: =G64+F48 -> 135.9275
A68: 1. UNIFORME: BOMBEIRO HIDRÁULICO
A69: Item | B69: Descrição | C69: Quantidade Anual | D69: Unidade | E69: Custo | G69: Conjunto de uniforme
E70: Unitário | F70: Total Anual por Funcionário
A71: 1.1 | B71: Calça comprida, material brim, modelo unissex, com elástico e cordão na cintura, 2 bolsos laterais e 2 traseiros | C71: 6 | D71: unid. | E71: 40.86 | F71: =E71*C71 -> 245.16 | G71: Cada conjunto de uniforme será composto por: 3 calças, 3 camisetas, 5 pares de meia, 1 capa de chuva, 2 jalecos e 1 crachá.
A72: 1.2 | B72: Camiseta, material 100% algodão, tipo manga curta, gola redonda, identificada com logomarca da empresa os dizeres A SERVIÇO DA UFF | C72: 6 | D72: unid. | E72: 19.42 | F72: =E72*C72 -> 116.52
A73: 1.3 | B73: Capa de chuva plástica, com faixas fluorescentes, material pvc, uso profissional. | C73: 2 | D73: unid. | E73: 17.33 | F73: =E73*C73 -> 34.66
A74: 1.4 | B74: Crachá funcional, em pvc, com foto, nome e cargo. | C74: 1 | D74: unid. | E74: 4.11 | F74: =E74*C74 -> 4.11
A75: 1.5 | B75: Jaleco profissional em brim leve, manga curta, fechamento com botões, com um bolso frontal, gola esporte e com logomarca da empresa. | C75: 4 | D75: unid. | E75: 51.6 | F75: =E75*C75 -> 206.4
A76: 1.6 | B76: Par de meia, mínimo de 70% algodão, cano médio | C76: 10 | D76: par | E76: 10.55 | F76: =E76*C76 -> 105.5
A77: Custo Anual por Funcionário | F77: =SUM(F71:F76) -> 712.35
A78: Custo Mensal com Uniforme por Funcionário | F78: =F77/12 -> 59.3625
A79: 2. EPIs: BOMBEIRO HIDRÁULICO
A80: Item | B80: Descrição | C80: Quantidade por Funcionário | D80: Prazo para Troca | E80: Quantidade Anual por Funcionário | F80: Valor unitário estimado | G80: Valor total anual
A81: 2.1 | B81: Boné com proteção de pescoço | C81: 1 | D81: 12 meses | E81: 1 | F81: 9.87 | G81: =F81*E81 -> 9.87
A82: 2.2 | B82: Bota de PVC cano longo (PAR) | C82: 1 | D82: 12 meses | E82: 1 | F82: 33.51 | G82: =F82*E82 -> 33.51
A83: 2.3 | B83: Botina de segurança com elástico coberto, cabedal confeccionado em couro curtido ao cromo, com forração em sintético, solado de PU, Bi densidade, injetado diretamente ao cabedal. Marca Marluvas ou similar. (PAR) | C83: 1 | D83: 12 meses | E83: 1 | F83: 36.9 | G83: =F83*E83 -> 36.9
A84: 2.4 | B84: Capacete de segurança classe A, com jugular (UN) | C84: 1 | D84: 12 meses | E84: 1 | F84: 41.63 | G84: =F84*E84 -> 41.63
A85: 2.5 | B85: Cinto de segurança, tipo PQD, com regulagem de cintura, coxas e suspensório e com 3 argolas (UN) | C85: 1 | D85: 24 meses | E85: 1 | F85: 154.55 | G85: =F85*E85 -> 154.55
A86: 2.6 | B86: Luva Antivibração | C86: 1 | D86: 12 meses | E86: 1 | F86: 57.2 | G86: =F86*E86 -> 57.2
A87: 2.7 | B87: Luva de algodão tricotada pigmentada (PAR) | C87: 4 | D87: 1 mês | E87: 48 | F87: 2.59 | G87: =F87*E87 -> 124.32
A88: 2.8 | B88: Luva de látex cano longo (PAR) | C88: 4 | D88: 1 mês | E88: 48 | F88: 3.34 | G88: =F88*E88 -> 160.32
A89: 2.9 | B89: Macacão Saneamento Impermeável Com Bota E Luva Acopladas Pvc | C89: 1 | D89: 12 meses | E89: 1 | F89: 207.67 | G89: =F89*E89 -> 207.67
A90: 2.10 | B90: Óculos de segurança incolor para proteção dos olhos contra impactos de partículas volantes e contra raios ultravioletas | C90: 1 | D90: 12 meses | E90: 2 | F90: 3.06 | G90: =F90*E90 -> 6.12
A91: 2.11 | B91: Protetor auditivo do tipo inserção pré-moldado, de silicone com cordão | C91: 1 | D91: 2 meses | E91: 6 | F91: 0.89 | G91: =F91*E91 -> 5.34
A92: 2.12 | B92: Protetor auditivo tipo concha com parte externa em ABS, haste de sustentação em aço inoxidável, preenchido com espumas e almofadas desmontáveis. | C92: 1 | D92: 12 meses | E92: 1 | F92: 28.05 | G92: =F92*E92 -> 28.05
... A94: 2.14 | B94: Trava queda para corda até 12mm (UN) | C94: 1 | D94: 24 meses | E94: 1 | F94: 123.33 | G94: =F94*E94 -> 123.33
A95: Custo Anual por funcionário | G95: =SUM(G81:G94) -> 1114.01
A96: Custo Mensal com EPIs por Funcionário | G96: =G95/12 -> 92.834167
A97: Custo Mensal com Uniformes e EPIs por Funcionário | G97: =G96+F78 -> 152.19667
A100: 1. UNIFORME: PINTOR
A101: Item | B101: Descrição | C101: Quantidade Anual | D101: Unidade | E101: Custo | G101: Conjunto de uniforme
E102: Unitário | F102: Total Anual por Funcionário
A103: 1.1 | B103: Calça comprida, material brim, modelo unissex, com elástico e cordão na cintura, 2 bolsos laterais e 2 traseiros | C103: 6 | D103: unid. | E103: 40.86 | F103: =E103*C103 -> 245.16 | G103: Cada conjunto de uniforme será composto por: 3 calças, 3 camisetas, 5 pares de meia, 1 capa de chuva, 2 jalecos e 1 crachá.
A104: 1.2 | B104: Camiseta, material 100% algodão, tipo manga curta, gola redonda, identificada com logomarca da empresa os dizeres A SERVIÇO DA UFF | C104: 6 | D104: unid. | E104: 19.42 | F104: =E104*C104 -> 116.52
A105: 1.3 | B105: Capa de chuva plástica, com faixas fluorescentes, material pvc, uso profissional. | C105: 2 | D105: unid. | E105: 17.33 | F105: =E105*C105 -> 34.66
A106: 1.4 | B106: Crachá funcional, em pvc, com foto, nome e cargo. | C106: 1 | D106: unid. | E106: 4.11 | F106: =E106*C106 -> 4.11
A107: 1.5 | B107: Jaleco profissional em brim leve, manga curta, fechamento com botões, com um bolso frontal, gola esporte e com logomarca da empresa. | C107: 4 | D107: unid. | E107: 51.6 | F107: =E107*C107 -> 206.4
A108: 1.6 | B108: Par de meia, mínimo de 70% algodão, cano médio | C108: 10 | D108: par | E108: 10.55 | F108: =E108*C108 -> 105.5
A109: Custo Anual por Funcionário | F109: =SUM(F103:F108) -> 712.35
...

Sheet An IV A Custo G1
A1: PRÓ-REITORIA DE ADMINISTRAÇÃO
A2: COORDENAÇÃO DE CONTRATOS
A4: Anexo IV-A - FORMAÇÃO CUSTOS POSTOS GRUPO 1
A5: Contratação de empresa para prestação de serviços continuados de Manutenção Predial, com regime de dedicação exclusiva de mão de obra, com fornecimento de materiais de reposição e atendimento da Universidade Federal Fluminense
A6: MÃO-DE-OBRA VINCULADA À EXECUÇÃO CONTRATUAL
A7: Dados para composição dos custos referentes a mão de obra
A8: Regime tributário da Licitante | C8: Documento Comprobatório *Anexar Comprovante
A11: ACT/CCT/DCT inclusive aditivos se houver
A12: Entidade Sindical da Empresa
A13: Entidade Sindical dos Empregados
A14: Número de Registro
A15: Início Vigência
A16: Fim Vigência
A18: Descrição Cargos
A19: Dias/Mês | B19: Posto | C19: CBO | D19: Salário
A20: 20.88 | B20: Supervisor | C20: 7102-05 | D20: ='Anexo II-B Salários'!C9 -> 3976.85
A21: 20.88 | B21: Técnico em Eletrotécnica | C21: 3131-30 | D21: ='Anexo II-B Salários'!C10 -> 3236.16
A22: 20.88 | B22: Eletricista de Manutenção | C22: 9511-05 | D22: ='Anexo II-B Salários'!C11 -> 2380.35
A23: 20.88 | B23: Meio Oficial de Elétrica | C23: 7156-15 | D23: ='Anexo II-B Salários'!C12 -> 1739.77
A24: 15.21 | B24: Eletricista de Manutenção 12x36 | C24: 9511-05 | D24: ='Anexo II-B Salários'!C13 -> 2380.35
A25: 20.88 | B25: Bombeiro Hidráulico | C25: 7241-10 | D25: 2380.35
A26: 15.21 | B26: Bombeiro Hidráulico 12x36 | C26: 7241-10 | D26: ='Anexo II-B Salários'!C14 -> 2380.35
A27: 20.88 | B27: Carpinteiro | C27: 7155-05 | D27: ='Anexo II-B Salários'!C16 -> 2347.34
A28: 20.88 | B28: Pedreiro | C28: 7152-10 | D28: ='Anexo II-B Salários'!C17 -> 2347.34
A29: 20.88 | B29: Gesseiro | C29: 7164-05 | D29: ='Anexo II-B Salários'!C18 -> 2347.34
A31: MÓDULO 1 : COMPOSIÇÃO DA REMUNERAÇÃO | D31: Supervisor | E31: Técnico em Eletrotécnica | F31: Eletricista de Manutenção | G31: Meio Oficial de Elétrica | H31: Eletricista de Manutenção 12x36 | I31: Bombeiro Hidráulico | J31: Bombeiro Hidráulico 12x36 | K31: Carpinteiro | L31: Pedreiro | M31: Gesseiro
A32: 1 | B32: Composição da Remuneração | D32: Valor(R$) | E32: Valor(R$) | F32: Valor(R$) | G32: Valor(R$) | H32: Valor(R$) | I32: Valor(R$) | J32: Valor(R$) | K32: Valor(R$) | L32: Valor(R$) | M32: Valor(R$)
A33: A | B33: Salário Base | D33: =D20 -> 3976.85 | E33: =D21 -> 3236.16 | F33: =D22 -> 2380.35 | G33: =D23 -> 1739.77 | H33: =D24 -> 2380.35 | I33: =D25 -> 2380.35 | J33: =D26 -> 2380.35 | K33: =D27 -> 2347.34 | L33: =D28 -> 2347.34 | M33: =D29 -> 2347.34
A34: B | B34: Adicional de Periculosidade (30%) | E34: =0.3*E33 -> 970.848
A35: C | B35: Adicional de Insalubridade (30% Grau máximo)
A36: D | B36: Adicional Noturno
A37: E | B37: Adicional de Hora Noturna Reduzida
A38: F | B38: Gratificação Liderança (15% ou 30%) (Cláusula 16ª CCT)
B39: Total de Remuneração | D39: =SUM(D33:D38) -> 3976.85 | E39: =SUM(E33:E38) -> 4207.008 | F39: =SUM(F33:F38) -> 2380.35 | G39: =SUM(G33:G38) -> 1739.77 | H39: =SUM(H33:H38) -> 2380.35 | I39: =SUM(I33:I38) -> 2380.35 | J39: =SUM(J33:J38) -> 2380.35 | K39: =SUM(K33:K38) -> 2347.34 | ... M39: =SUM(M33:M38) -> 2347.34
A41: MÓDULO 2: ENCARGOS E BENEFÍCIOS ANUAIS, MENSAIS E DIÁRIOS | D41: Supervisor | E41: Técnico em Eletrotécnica | F41: Eletricista de Manutenção | G41: Meio Oficial de Elétrica | H41: Eletricista de Manutenção 12x36 | I41: Bombeiro Hidráulico | J41: Bombeiro Hidráulico 12x36 | K41: Carpinteiro | L41: Pedreiro | M41: Gesseiro
A42: Submódulo 2.1 - 13º (décimo terceiro) Salário, Férias e Adicional de Férias | D42: Valor(R$) | E42: Valor(R$) | F42: Valor(R$) | G42: Valor(R$) | H42: Valor(R$) | I42: Valor(R$) | J42: Valor(R$) | K42: Valor(R$) | L42: Valor(R$) | M42: Valor(R$)
A43: A | B43: 13º (décimo terceiro) Salário | D43: =D39*8.33% -> 331.27161 | E43: =E39*8.33% -> 350.44377 | F43: =F39*8.33% -> 198.28315 | G43: =G39*8.33% -> 144.92284 | H43: =H39*8.33% -> 198.28315 | I43: =I39*8.33% -> 198.28315 | J43: =J39*8.33% -> 198.28315 | K43: =K39*8.33% -> 195.53342 | ... M43: =M39*8.33% -> 195.53342
A44: B | B44: Férias e Adicional de Férias | D44: =D39*12.1% -> 481.19885 | E44: =E39*12.1% -> 509.04797 | F44: =F39*12.1% -> 288.02235 | G44: =G39*12.1% -> 210.51217 | H44: =H39*12.1% -> 288.02235 | I44: =I39*12.1% -> 288.02235 | J44: =J39*12.1% -> 288.02235 | K44: =K39*12.1% -> 284.02814 | ... M44: =M39*12.1% -> 284.02814
B45: Total | D45: =SUM(D43:D44) -> 812.47046 | E45: =SUM(E43:E44) -> 859.49173 | F45: =SUM(F43:F44) -> 486.3055 | G45: =SUM(G43:G44) -> 355.43501 | H45: =SUM(H43:H44) -> 486.3055 | I45: =SUM(I43:I44) -> 486.3055 | J45: =SUM(J43:J44) -> 486.3055 | K45: =SUM(K43:K44) -> 479.56156 | ... M45: =SUM(M43:M44) -> 479.56156
A46: C | B46: Incidência do Submódulo 2.2 - Encargos previdenciários (GPS), FGTS e outras contribuições (Cálculo sobre a remuneração, pois será adotada a Conta Vinculada) | D46: =D39*7.82% -> 310.98967 | E46: =E39*7.82% -> 328.98803 | F46: =F39*7.82% -> 186.14337 | G46: =G39*7.82% -> 136.05001 | H46: =H39*7.82% -> 186.14337 | I46: =I39*7.82% -> 186.14337 | J46: =J39*7.82% -> 186.14337 | K46: =K39*7.82% -> 183.56199 | ... M46: =M39*7.82% -> 183.56199
A48: Submódulo 2.2 - Encargos Previdenciários (GPS), Fundo de Garantia por Tempo de Serviço (FGTS) e outras contribuições | D48: Supervisor | E48: Técnico em Eletrotécnica | F48: Eletricista de Manutenção | G48: Meio Oficial de Elétrica | H48: Eletricista de Manutenção 12x36 | I48: Bombeiro Hidráulico | J48: Bombeiro Hidráulico 12x36 | K48: Carpinteiro | L48: Pedreiro | M48: Gesseiro
A49: 2.2 | B49: GPS, FGTS e outras contribuições | C49: % | D49: Valor(R$) | E49: Valor(R$) | F49: Valor(R$) | G49: Valor(R$) | H49: Valor(R$) | I49: Valor(R$) | J49: Valor(R$) | K49: Valor(R$) | L49: Valor(R$) | M49: Valor(R$)
A50: A | B50: INSS | C50: 20 | D50: =(D39*($C$50/100)) -> 795.37 | E50: =(E39*($C$50/100)) -> 841.4016 | F50: =(F39*($C$50/100)) -> 476.07 | G50: =(G39*($C$50/100)) -> 347.954 | H50: =(H39*($C$50/100)) -> 476.07 | I50: =(I39*($C$50/100)) -> 476.07 | J50: =(J39*($C$50/100)) -> 476.07 | K50: =(K39*($C$50/100)) -> 469.468 | ... M50: =(M39*($C$50/100)) -> 469.468
A51: B | B51: Salário Educação | C51: 2.5 | D51: =(D39*($C$51/100)) -> 99.42125 | E51: =(E39*($C$51/100)) -> 105.1752 | F51: =(F39*($C$51/100)) -> 59.50875 | G51: =(G39*($C$51/100)) -> 43.49425 | H51: =(H39*($C$51/100)) -> 59.50875 | I51: =(I39*($C$51/100)) -> 59.50875 | J51: =(J39*($C$51/100)) -> 59.50875 | K51: =(K39*($C$51/100)) -> 58.6835 | ... M51: =(M39*($C$51/100)) -> 58.6835
A52: C | B52: Seguro acidente do trabalho | C52: 6 | D52: =(D$39*($C$52/100)) -> 238.611 | E52: =(E$39*($C$52/100)) -> 252.42048 | F52: =(F$39*($C$52/100)) -> 142.821 | G52: =(G$39*($C$52/100)) -> 104.3862 | H52: =(H$39*($C$52/100)) -> 142.821 | I52: =(I$39*($C$52/100)) -> 142.821 | J52: =(J$39*($C$52/100)) -> 142.821 | K52: =(K$39*($C$52/100)) -> 140.8404 | ... M52: =(M$39*($C$52/100)) -> 140.8404
A53: D | B53: SESI ou SESC | C53: 1.5 | D53: =(D$39*($C$53/100)) -> 59.65275 | E53: =(E$39*($C$53/100)) -> 63.10512 | F53: =(F$39*($C$53/100)) -> 35.70525 | G53: =(G$39*($C$53/100)) -> 26.09655 | H53: =(H$39*($C$53/100)) -> 35.70525 | I53: =(I$39*($C$53/100)) -> 35.70525 | J53: =(J$39*($C$53/100)) -> 35.70525 | K53: =(K$39*($C$53/100)) -> 35.2101 | ... M53: =(M$39*($C$53/100)) -> 35.2101
A54: E | B54: SENAI ou SENAC | C54: 1 | D54: =(D$39*($C$54/100)) -> 39.7685 | E54: =(E$39*($C$54/100)) -> 42.07008 | F54: =(F$39*($C$54/100)) -> 23.8035 | G54: =(G$39*($C$54/100)) -> 17.3977 | H54: =(H$39*($C$54/100)) -> 23.8035 | I54: =(I$39*($C$54/100)) -> 23.8035 | J54: =(J$39*($C$54/100)) -> 23.8035 | K54: =(K$39*($C$54/100)) -> 23.4734 | ... M54: =(M$39*($C$54/100)) -> 23.4734
A55: F | B55: SEBRAE | C55: 0.6 | D55: =(D$39*($C$55/100)) -> 23.8611 | E55: =(E$39*($C$55/100)) -> 25.242048 | F55: =(F$39*($C$55/100)) -> 14.2821 | G55: =(G$39*($C$55/100)) -> 10.43862 | H55: =(H$39*($C$55/100)) -> 14.2821 | I55: =(I$39*($C$55/100)) -> 14.2821 | J55: =(J$39*($C$55/100)) -> 14.2821 | K55: =(K$39*($C$55/100)) -> 14.08404 | ... M55: =(M$39*($C$55/100)) -> 14.08404
A56: G | B56: INCRA | C56: 0.2 | D56: =(D$39*($C$56/100)) -> 7.9537 | E56: =(E$39*($C$56/100)) -> 8.414016 | F56: =(F$39*($C$56/100)) -> 4.7607 | G56: =(G$39*($C$56/100)) -> 3.47954 | H56: =(H$39*($C$56/100)) -> 4.7607 | I56: =(I$39*($C$56/100)) -> 4.7607 | J56: =(J$39*($C$56/100)) -> 4.7607 | K56: =(K$39*($C$56/100)) -> 4.69468 | ... M56: =(M$39*($C$56/100)) -> 4.69468
A57: H | B57: FGTS | C57: 8 | D57: =(D$39*($C$57/100)) -> 318.148 | E57: =(E$39*($C$57/100)) -> 336.56064 | F57: =(F$39*($C$57/100)) -> 190.428 | G57: =(G$39*($C$57/100)) -> 139.1816 | H57: =(H$39*($C$57/100)) -> 190.428 | I57: =(I$39*($C$57/100)) -> 190.428 | J57: =(J$39*($C$57/100)) -> 190.428 | K57: =(K$39*($C$57/100)) -> 187.7872 | ... M57: =(M$39*($C$57/100)) -> 187.7872
B58: TOTAL | C58: =SUM(C50:C57) -> 39.8 | D58: =SUM(D50:D57) -> 1582.7863 | E58: =SUM(E50:E57) -> 1674.3892 | F58: =SUM(F50:F57) -> 947.3793 | G58: =SUM(G50:G57) -> 692.42846 | H58: =SUM(H50:H57) -> 947.3793 | I58: =SUM(I50:I57) -> 947.3793 | J58: =SUM(J50:J57) -> 947.3793 | ... M58: =SUM(M50:M57) -> 934.24132
B59: Itens não aplicáveis a Optantes do SIMPLES
A61: Submódulo 2.3 - Benefícios Mensais e Diários | D61: Supervisor | E61: Técnico em Eletrotécnica | F61: Eletricista de Manutenção | G61: Meio Oficial de Elétrica | H61: Eletricista de Manutenção 12x36 | I61: Bombeiro Hidráulico | J61: Bombeiro Hidráulico 12x36 | K61: Carpinteiro | L61: Pedreiro | M61: Gesseiro
A62: 2.3 | B62: Benefícios Mensais e Diários | D62: Valor(R$) | E62: Valor(R$) | F62: Valor(R$) | G62: Valor(R$) | H62: Valor(R$) | I62: Valor(R$) | J62: Valor(R$) | K62: Valor(R$) | L62: Valor(R$) | M62: Valor(R$)
A63: A | B63: Transporte -Cláusula 12ª da CCT - considerando 2 passagens/dia (BUI) - Benefício para renda mensal inferior ou igual a R$3.205,20 | F63: =(8.55*2*A22)-(6%*D22) -> 214.227 | G63: =(8.55*2*A23)-(6%*D23) -> 252.6618 | H63: =(8.55*2*A24)-(6%*D24) -> 117.27 | I63: =(8.55*2*A25)-(6%*D25) -> 214.227 | J63: =(8.55*2*A26)-(6%*D26) -> 117.27 | K63: =(8.55*2*A27)-(6%*D27) -> 216.2076 | L63: =(8.55*2*A28)-(6%*D28) -> 216.2076 | M63: =(8.55*2*A29)-(6%*D29) -> 216.2076
A64: B | B64: Ticket Alimentação - Cláusula 11ª da CCT | D64: 368 | E64: 368 | F64: 368 | G64: 368 | H64: 368 | I64: 368 | J64: 368 | K64: 368 | L64: 368 | M64: 368
A65: C | B65: Seguro de Vida em Grupo Cláusula 15ª CCT | D65: 0.26 | E65: 0.26 | F65: 0.26 | G65: 0.26 | H65: 0.26 | I65: 0.26 | J65: 0.26 | K65: 0.26 | L65: 0.26 | M65: 0.26
A66: D | B66: Outros
B67: Total de Benefícios Mensais e Diários | D67: =SUM(D63:D66) -> 368.26 | E67: =SUM(E63:E66) -> 368.26 | F67: =SUM(F63:F66) -> 582.487 | G67: =SUM(G63:G66) -> 620.9218 | H67: =SUM(H63:H66) -> 485.53 | I67: =SUM(I63:I66) -> 582.487 | J67: =SUM(J63:J66) -> 485.53 | K67: =SUM(K63:K66) -> 584.4676 | ... M67: =SUM(M63:M66) -> 584.4676
A69: Quadro-Resumo do Módulo 2 - Encargos e Benefícios anuais, mensais e diários | D69: Supervisor | E69: Técnico em Eletrotécnica | F69: Eletricista de Manutenção | G69: Meio Oficial de Elétrica | H69: Eletricista de Manutenção 12x36 | I69: Bombeiro Hidráulico | J69: Bombeiro Hidráulico 12x36 | K69: Carpinteiro | L69: Pedreiro | M69: Gesseiro
A70: 2 | B70: Encargos e Benefícios Anuais, Mensais e Diários | D70: Valor (R$) | E70: Valor (R$) | F70: Valor (R$) | G70: Valor (R$) | H70: Valor (R$) | I70: Valor (R$) | J70: Valor (R$) | K70: Valor (R$) | L70: Valor (R$) | M70: Valor (R$)
A71: 2.1 | B71: 13º (décimo terceiro) Salário, Férias e Adicional de Férias | D71: =D45 -> 812.47046 | E71: =E45 -> 859.49173 | F71: =F45 -> 486.3055 | G71: =G45 -> 355.43501 | H71: =H45 -> 486.3055 | I71: =I45 -> 486.3055 | J71: =J45 -> 486.3055 | K71: =K45 -> 479.56156 | ... M71: =M45 -> 479.56156
A72: 2.2 | B72: GPS, FGTS e outras contribuições | D72: =D58+D46 -> 1893.776 | E72: =E58+E46 -> 2003.3772 | F72: =F58+F46 -> 1133.5227 | G72: =G58+G46 -> 828.47847 | H72: =H58+H46 -> 1133.5227 | I72: =I58+I46 -> 1133.5227 | J72: =J58+J46 -> 1133.5227 | K72: =K58+K46 -> 1117.8033 | ... M72: =M58+M46 -> 1117.8033
A73: 2.3 | B73: Benefícios Mensais e Diários | D73: =D67 -> 368.26 | E73: =E67 -> 368.26 | F73: =F67 -> 582.487 | G73: =G67 -> 620.9218 | H73: =H67 -> 485.53 | I73: =I67 -> 582.487 | J73: =J67 -> 485.53 | K73: =K67 -> 584.4676 | ... M73: =M67 -> 584.4676
B74: Total | D74: =SUM(D71:D73) -> 3074.5064 | E74: =SUM(E71:E73) -> 3231.1289 | F74: =SUM(F71:F73) -> 2202.3152 | G74: =SUM(G71:G73) -> 1804.8353 | H74: =SUM(H71:H73) -> 2105.3582 | I74: =SUM(I71:I73) -> 2202.3152 | J74: =SUM(J71:J73) -> 2105.3582 | K74: =SUM(K71:K73) -> 2181.8325 | ... M74: =SUM(M71:M73) -> 2181.8325
A76: MÓDULO 3: PROVISÃO PARA RESCISÃO | D76: Supervisor | E76: Técnico em Eletrotécnica | F76: Eletricista de Manutenção | G76: Meio Oficial de Elétrica | H76: Eletricista de Manutenção 12x36 | I76: Bombeiro Hidráulico | J76: Bombeiro Hidráulico 12x36 | K76: Carpinteiro | L76: Pedreiro | M76: Gesseiro
A77: 3 | B77: Provisão para Rescisão | D77: Valor(R$) | E77: Valor(R$) | F77: Valor(R$) | G77: Valor(R$) | H77: Valor(R$) | I77: Valor(R$) | J77: Valor(R$) | K77: Valor(R$) | L77: Valor(R$) | M77: Valor(R$)
A78: A | B78: Aviso prévio indenizado | D78: =((D39+D43+D44)/12)*5% -> 19.955502 | E78: =((E39+E43+E44)/12)*5% -> 21.110416 | F78: =((F39+F43+F44)/12)*5% -> 11.944398 | G78: =((G39+G43+G44)/12)*5% -> 8.7300209 | H78: =((H39+H43+H44)/12)*5% -> 11.944398 | I78: =((I39+I43+I44)/12)*5% -> 11.944398 | J78: =((J39+J43+J44)/12)*5% -> 11.944398 | K78: =((K39+K43+K44)/12)*5% -> 11.778757 | ... M78: =((M39+M43+M44)/12)*5% -> 11.778757
A79: B | B79: Incidência do FGTS sobre o Aviso Prévio Indenizado | D79: =((D39+D43)/12)*5%*8% -> 1.4360405 | E79: =((E39+E43)/12)*5%*8% -> 1.5191506 | F79: =((F39+F43)/12)*5%*8% -> 0.85954438 | G79: =((G39+G43)/12)*5%*8% -> 0.62823095 | H79: =((H39+H43)/12)*5%*8% -> 0.85954438 | I79: =((I39+I43)/12)*5%*8% -> 0.85954438 | J79: =((J39+J43)/12)*5%*8% -> 0.85954438 | K79: =((K39+K43)/12)*5%*8% -> 0.84762447 | ... M79: =((M39+M43)/12)*5%*8% -> 0.84762447
A80: C | B80: Multa do FGTS e contribuição social sobre o aviso prévio indenizado | D80: 0 | E80: 0 | F80: 0 | G80: 0 | H80: 0 | I80: 0 | J80: 0 | K80: 0 | L80: 0 | M80: 0
A81: D | B81: Aviso prévio trabalhado | D81: =(((D39+D65)/30/12)*7) -> 77.332694 | E81: =(((E39+E65)/30/12)*7) -> 81.807989 | F81: =(((F39+F65)/30/12)*7) -> 46.289639 | G81: =(((G39+G65)/30/12)*7) -> 33.833917 | H81: =(((H39+H65)/30/12)*7) -> 46.289639 | I81: =(((I39+I65)/30/12)*7) -> 46.289639 | J81: =(((J39+J65)/30/12)*7) -> 46.289639 | K81: =(((K39+K65)/30/12)*7) -> 45.647778 | ... M81: =(((M39+M65)/30/12)*7) -> 45.647778
A82: E | B82: Incidência de GPS, FGTS e outras contribuições sobre o aviso prévio trabalhado | D82: =(D39/30/12*7)*8% -> 6.1862111 | E82: =(E39/30/12*7)*8% -> 6.5442347 | F82: =(F39/30/12*7)*8% -> 3.7027667 | G82: =(G39/30/12*7)*8% -> 2.7063089 | H82: =(H39/30/12*7)*8% -> 3.7027667 | I82: =(I39/30/12*7)*8% -> 3.7027667 | J82: =(J39/30/12*7)*8% -> 3.7027667 | K82: =(K39/30/12*7)*8% -> 3.6514178 | ... M82: =(M39/30/12*7)*8% -> 3.6514178
A83: F | B83: Multa do FGTS e contribuição social sobre o aviso prévio trabalhado | D83: =D39*4% -> 159.074 | E83: =E39*4% -> 168.28032 | F83: =F39*4% -> 95.214 | G83: =G39*4% -> 69.5908 | H83: =H39*4% -> 95.214 | I83: =I39*4% -> 95.214 | J83: =J39*4% -> 95.214 | K83: =K39*4% -> 93.8936 | ... M83: =M39*4% -> 93.8936
B84: TOTAL | D84: =SUM(D78:D83) -> 263.98445 | E84: =SUM(E78:E83) -> 279.26211 | F84: =SUM(F78:F83) -> 158.01035 | G84: =SUM(G78:G83) -> 115.48928 | H84: =SUM(H78:H83) -> 158.01035 | I84: =SUM(I78:I83) -> 158.01035 | J84: =SUM(J78:J83) -> 158.01035 | K84: =SUM(K78:K83) -> 155.81918 | ... M84: =SUM(M78:M83) -> 155.81918
A86: MÓDULO 4: CUSTO DE REPOSIÇÃO DO PROFISSIONAL AUSENTE | D86: Supervisor | E86: Técnico em Eletrotécnica | F86: Eletricista de Manutenção | G86: Meio Oficial de Elétrica | H86: Eletricista de Manutenção 12x36 | I86: Bombeiro Hidráulico | J86: Bombeiro Hidráulico 12x36 | K86: Carpinteiro | L86: Pedreiro | M86: Gesseiro
A87: 4.1 | B87: Submódulo 4.1. Ausências legais | D87: Valor(R$) | E87: Valor(R$) | F87: Valor(R$) | G87: Valor(R$) | H87: Valor(R$) | I87: Valor(R$) | J87: Valor(R$) | K87: Valor(R$) | L87: Valor(R$) | M87: Valor(R$)
A88: A | B88: Substituto na cobertura de férias | D88: 0 | E88: 0 | F88: 0 | G88: 0 | H88: 0 | I88: 0 | J88: 0 | K88: 0 | L88: 0 | M88: 0
A89: B | B89: Substituto na cobertura de Ausências legais | D89: =(((D39+D74+D84+D92+D113)-(D63-D64-D110-D111))/30*2.96)/12 -> 110.30294 | E89: =(((E39+E74+E84+E92+E113)-(E63-E64-E110-E111))/30*2.96)/12 -> 67.993921 | F89: =(((F39+F74+F84+F92+F113)-(F63-F64-F110-F111))/30*2.96)/12 -> 41.454169 | G89: =(((G39+G74+G84+G92+G113)-(G63-G64-G110-G111))/30*2.96)/12 -> 32.228267 | H89: =(((H39+H74+H84+H92+H113)-(H63-H64-H110-H111))/30*2.96)/12 -> 41.454169 | I89: =(((I39+I74+I84+I92+I113)-(I63-I64-I110-I111))/30*2.96)/12 -> 41.587938 | J89: =(((J39+J74+J84+J92+J113)-(J63-J64-J110-J111))/30*2.96)/12 -> 41.587938 | K89: =(((K39+K74+K84+K92+K113)-(K63-K64-K110-K111))/30*2.96)/12 -> 40.886609 | ... M89: =(((M39+M74+M84+M92+M113)-(M63-M64-M110-M111))/30*2.96)/12 -> 41.030929
A90: C | B90: Substituto na cobertura de Licença paternidade | D90: =(((D39+D74+D84+D92+D113)-(D63-D64-D110-D111))/30*5*1.5%)/12 -> 2.794838 | E90: =(((E39+E74+E84+E92+E113)-(E63-E64-E110-E111))/30*5*1.5%)/12 -> 1.7228189 | F90: =(((F39+F74+F84+F92+F113)-(F63-F64-F110-F111))/30*5*1.5%)/12 -> 1.050359 | G90: =(((G39+G74+G84+G92+G113)-(G63-G64-G110-G111))/30*5*1.5%)/12 -> 0.8165946 | H90: =(((H39+H74+H84+H92+H113)-(H63-H64-H110-H111))/30*5*1.5%)/12 -> 1.050359 | I90: =(((I39+I74+I84+I92+I113)-(I63-I64-I110-I111))/30*5*1.5%)/12 -> 1.0537484 | J90: =(((J39+J74+J84+J92+J113)-(J63-J64-J110-J111))/30*5*1.5%)/12 -> 1.0537484 | K90: =(((K39+K74+K84+K92+K113)-(K63-K64-K110-K111))/30*5*1.5%)/12 -> 1.0359783 | ... M90: =(((M39+M74+M84+M92+M113)-(M63-M64-M110-M111))/30*5*1.5%)/12 -> 1.039635
A91: D | B91: Substituto na cobertura de Ausência por Acidente de trabalho | D91: =(((D39+D74+D84+D92+D113)-(D63-D64-D110-D111))/30*15*0.78%)/12 -> 4.3599473 | E91: =(((E39+E74+E84+E92+E113)-(E63-E64-E110-E111))/30*15*0.78%)/12 -> 2.6875976 | F91: =(((F39+F74+F84+F92+F113)-(F63-F64-F110-F111))/30*15*0.78%)/12 -> 1.6385601 | G91: =(((G39+G74+G84+G92+G113)-(G63-G64-G110-G111))/30*15*0.78%)/12 -> 1.2738876 | H91: =(((H39+H74+H84+H92+H113)-(H63-H64-H110-H111))/30*15*0.78%)/12 -> 1.6385601 | I91: =(((I39+I74+I84+I92+I113)-(I63-I64-I110-I111))/30*15*0.78%)/12 -> 1.6438476 | J91: =(((J39+J74+J84+J92+J113)-(J63-J64-J110-J111))/30*15*0.78%)/12 -> 1.6438476 | K91: =(((K39+K74+K84+K92+K113)-(K63-K64-K110-K111))/30*15*0.78%)/12 -> 1.6161261 | ... M91: =(((M39+M74+M84+M92+M113)-(M63-M64-M110-M111))/30*15*0.78%)/12 -> 1.6218306
A92: E | B92: Substituto na cobertura de Afastamento Maternidade | D92: =(((D44*3.95/12)+(D65*3.95*1.02%))/12+((D39+D43)*39.8%*3.95)*1.02%/12) -> 18.957303 | E92: =(((E44*3.95/12)+(E65*3.95*1.02%))/12+((E39+E43)*39.8%*3.95)*1.02%/12) -> 20.054396 | F92: =(((F44*3.95/12)+(F65*3.95*1.02%))/12+((F39+F43)*39.8%*3.95)*1.02%/12) -> 11.347275 | G92: =(((G44*3.95/12)+(G65*3.95*1.02%))/12+((G39+G43)*39.8%*3.95)*1.02%/12) -> 8.2938255 | H92: =(((H44*3.95/12)+(H65*3.95*1.02%))/12+((H39+H43)*39.8%*3.95)*1.02%/12) -> 11.347275 | I92: =(((I44*3.95/12)+(I65*3.95*1.02%))/12+((I39+I43)*39.8%*3.95)*1.02%/12) -> 11.347275 | J92: =(((J44*3.95/12)+(J65*3.95*1.02%))/12+((J39+J43)*39.8%*3.95)*1.02%/12) -> 11.347275 | K92: =(((K44*3.95/12)+(K65*3.95*1.02%))/12+((K39+K43)*39.8%*3.95)*1.02%/12) -> 11.189926 | ... M92: =(((M44*3.95/12)+(M65*3.95*1.02%))/12+((M39+M43)*39.8%*3.95)*1.02%/12) -> 11.189926
A93: F | B93: Substituto na cobertura de outras ausências (especificar) | D93: 0 | E93: 0 | F93: 0 | G93: 0 | H93: 0 | I93: 0 | J93: 0 | K93: 0 | L93: 0 | M93: 0
B94: TOTAL | D94: =SUM(D88:D93) -> 136.41503 | E94: =SUM(E88:E93) -> 92.458734 | F94: =SUM(F88:F93) -> 55.490363 | G94: =SUM(G88:G93) -> 42.612575 | H94: =SUM(H88:H93) -> 55.490363 | I94: =SUM(I88:I93) -> 55.632809 | J94: =SUM(J88:J93) -> 55.632809 | K94: =SUM(K88:K93) -> 54.728639 | ... M94: =SUM(M88:M93) -> 54.882321
A96: Submódulo 4.2 - Intrajornada | D96: Supervisor | E96: Técnico em Eletrotécnica | F96: Eletricista de Manutenção | G96: Meio Oficial de Elétrica | H96: Eletricista de Manutenção 12x36 | I96: Bombeiro Hidráulico | J96: Bombeiro Hidráulico 12x36 | K96: Carpinteiro | L96: Pedreiro | M96: Gesseiro
A97: 4.2 | B97: Intrajornada | D97: Valor(R$) | E97: Valor(R$) | F97: Valor(R$) | G97: Valor(R$) | H97: Valor(R$) | I97: Valor(R$) | J97: Valor(R$) | K97: Valor(R$) | L97: Valor(R$) | M97: Valor(R$)
A98: A | B98: Intervalo para repouso ou alimentação | D98: 0 | E98: 0 | F98: 0 | G98: 0 | H98: 0 | I98: 0 | J98: 0 | K98: 0 | L98: 0 | M98: 0
B99: TOTAL | D99: 0 | E99: 0 | F99: 0 | G99: 0 | H99: 0 | I99: 0 | J99: 0 | K99: 0 | L99: 0 | M99: 0
A101: Quadro-Resumo do Módulo 4 - Custo de Reposição do Profissional Ausente | D101: Supervisor | E101: Técnico em Eletrotécnica | F101: Eletricista de Manutenção | G101: Meio Oficial de Elétrica | H101: Eletricista de Manutenção 12x36 | I101: Bombeiro Hidráulico | J101: Bombeiro Hidráulico 12x36 | K101: Carpinteiro | L101: Pedreiro | M101: Gesseiro
A102: 4 | B102: Custo de reposição | D102: Valor (R$) | E102: Valor (R$) | F102: Valor (R$) | G102: Valor (R$) | H102: Valor (R$) | I102: Valor (R$) | J102: Valor (R$) | K102: Valor (R$) | L102: Valor (R$) | M102: Valor (R$)
A103: 4.1 | B103: Ausências legais | D103: =D94 -> 136.41503 | E103: =E94 -> 92.458734 | F103: =F94 -> 55.490363 | G103: =G94 -> 42.612575 | H103: =H94 -> 55.490363 | I103: =I94 -> 55.632809 | J103: =J94 -> 55.632809 | K103: =K94 -> 54.728639 | ... M103: =M94 -> 54.882321
A104: 4.2 | B104: Intrajornada | D104: 0 | E104: 0 | F104: 0 | G104: 0 | H104: 0 | I104: 0 | J104: 0 | K104: 0 | L104: 0 | M104: 0
B105: Total | D105: =SUM(D103:D104) -> 136.41503 | E105: =SUM(E103:E104) -> 92.458734 | F105: =SUM(F103:F104) -> 55.490363 | G105: =SUM(G103:G104) -> 42.612575 | H105: =SUM(H103:H104) -> 55.490363 | I105: =SUM(I103:I104) -> 55.632809 | J105: =SUM(J103:J104) -> 55.632809 | K105: =SUM(K103:K104) -> 54.728639 | ... M105: =SUM(M103:M104) -> 54.882321
A107: MÓDULO 5: INSUMOS DIVERSOS | D107: Supervisor | E107: Técnico em Eletrotécnica | F107: Eletricista de Manutenção | G107: Meio Oficial de Elétrica | H107: Eletricista de Manutenção 12x36 | I107: Bombeiro Hidráulico | J107: Bombeiro Hidráulico 12x36 | K107: Carpinteiro | L107: Pedreiro | M107: Gesseiro
A108: 5 | B108: Insumos Diversos | D108: Valor(R$) | E108: Valor(R$) | F108: Valor(R$) | G108: Valor(R$) | H108: Valor(R$) | I108: Valor(R$) | J108: Valor(R$) | K108: Valor(R$) | L108: Valor(R$) | M108: Valor(R$)
A109: A | B109: Uniformes E EPIS | D109: ='Anexo III-B Uniformes'!G35 -> 143.67333 | E109: ='Anexo III-B Uniformes'!G221 -> 164.0775 | F109: ='Anexo III-B Uniformes'!G65 -> 135.9275 | G109: ='Anexo III-B Uniformes'!G65 -> 135.9275 | H109: ='Anexo III-B Uniformes'!G65 -> 135.9275 | I109: ='Anexo III-B Uniformes'!G97 -> 152.19667 | J109: ='Anexo III-B Uniformes'!G97 -> 152.19667 | K109: ='Anexo III-B Uniformes'!G158 -> 124.72167 | L109: ='Anexo III-B Uniformes'!G191 -> 140.77417 | M109: ='Anexo III-B Uniformes'!G388 -> 142.27417
A110: B | B110: Materiais
A111: C | B111: Equipamentos | D111: ='Anexo III-A Equipamentos'!E221 -> 2784.6254
A112: D | B112: Outros
B113: Total de Insumos Diversos | D113: =SUM(D109:D112) -> 2928.2987 | E113: =SUM(E109:E112) -> 164.0775 | F113: =SUM(F109:F112) -> 135.9275 | G113: =SUM(G109:G112) -> 135.9275 | H113: =SUM(H109:H112) -> 135.9275 | I113: =SUM(I109:I112) -> 152.19667 | J113: =SUM(J109:J112) -> 152.19667 | K113: =SUM(K109:K112) -> 124.72167 | ... M113: =SUM(M109:M112) -> 142.27417
A115: MÓDULO 6: CUSTOS INDIRETOS, TRIBUTOS E LUCRO – (LUCRO PRESUMIDO) | D115: Supervisor | E115: Técnico em Eletrotécnica | F115: Eletricista de Manutenção | G115: Meio Oficial de Elétrica | H115: Eletricista de Manutenção 12x36 | I115: Bombeiro Hidráulico | J115: Bombeiro Hidráulico 12x36 | K115: Carpinteiro | L115: Pedreiro | M115: Gesseiro
...

Sheet An IV A Custo G2
A1: PRÓ-REITORIA DE ADMINISTRAÇÃO
A2: COORDENAÇÃO DE CONTRATOS
A4: Anexo IV-A - FORMAÇÃO CUSTOS POSTOS GRUPO 2
A5: Contratação de empresa para prestação de serviços continuados de Manutenção Predial, com regime de dedicação exclusiva de mão de obra, com fornecimento de materiais de reposição e atendimento da Universidade Federal Fluminense
A6: MÃO-DE-OBRA VINCULADA À EXECUÇÃO CONTRATUAL
A7: Dados para composição dos custos referentes a mão de obra
A8: Regime tributário da Licitante | C8: Documento Comprobatório *Anexar Comprovante
A11: ACT/CCT/DCT inclusive aditivos se houver
A12: Entidade Sindical da Empresa
A13: Entidade Sindical dos Empregados
A14: Número de Registro
A15: Início Vigência
A16: Fim Vigência
A18: Descrição Cargos
A19: Dias/Mês | B19: Posto | C19: CBO | D19: Salário
A20: 20.88 | B20: Serralheiro | C20: 7244-40 | D20: 2347.34
A21: 20.88 | B21: Vidraceiro | C21: 7163-05 | D21: 2347.34
A22: 20.88 | B22: Soldador | C22: 7243-15 | D22: 2512.05
A23: 20.88 | B23: Mecânico de Refrigeração | C23: 7257-05 | D23: 2380.35
A24: 20.88 | B24: Pintor | C24: 7166-10 | D24: 2347.34
A25: 20.88 | B25: Ajudantes (serventes) | C25: 7170-20 | D25: 1594.67
A26: 20.88 | B26: Motorista Cat. B | C26: 7823-10 | D26: 2582.08
A27: 20.88 | B27: Assistente técnico | C27: 3911-45 | D27: 2553.64
A28: 20.88 | B28: Oficial de Manutenção Predial | C28: 5413-25 | D28: 2347.34
A29: 20.88 | B29: Técnico de Segurança do Trabalho | C29: 3516-05 | D29: 1470.98
A31: MÓDULO 1 : COMPOSIÇÃO DA REMUNERAÇÃO | D31: Serralheiro | E31: Vidraceiro | F31: Soldador | G31: Mecânico de Refrigeração | H31: Pintor | I31: Ajudantes (serventes) | J31: Motorista Cat. B | K31: Assistente técnico | L31: Oficial de Manutenção Predial | M31: Técnico de Segurança do Trabalho
A32: 1 | B32: Composição da Remuneração | D32: Valor(R$) | E32: Valor(R$) | F32: Valor(R$) | G32: Valor(R$) | H32: Valor(R$) | I32: Valor(R$) | J32: Valor(R$) | K32: Valor(R$) | L32: Valor(R$) | M32: Valor(R$)
A33: A | B33: Salário Base | D33: =D20 -> 2347.34 | E33: =D21 -> 2347.34 | F33: =D22 -> 2512.05 | G33: =D23 -> 2380.35 | H33: =D24 -> 2347.34 | I33: =D25 -> 1594.67 | J33: =D26 -> 2582.08 | K33: =D27 -> 2553.64 | L33: =D28 -> 2347.34 | M33: =D29 -> 1470.98
A34: B | B34: Adicional de Periculosidade
A35: C | B35: Adicional de Insalubridade (20% Grau médio NR 15)
A36: D | B36: Adicional Noturno
A37: E | B37: Adicional de Hora Noturna Reduzida
A38: F | B38: Gratificação Liderança (15% ou 30%) (Cláusula 16ª CCT)
B39: Total de Remuneração | D39: =SUM(D33:D38) -> 2347.34 | E39: =SUM(E33:E38) -> 2347.34 | F39: =SUM(F33:F38) -> 2512.05 | G39: =SUM(G33:G38) -> 2380.35 | H39: =SUM(H33:H38) -> 2347.34 | I39: =SUM(I33:I38) -> 1594.67 | J39: =SUM(J33:J38) -> 2582.08 | K39: =SUM(K33:K38) -> 2553.64 | ... M39: =SUM(M33:M38) -> 1470.98
A41: MÓDULO 2: ENCARGOS E BENEFÍCIOS ANUAIS, MENSAIS E DIÁRIOS | D41: Serralheiro | E41: Vidraceiro | F41: Soldador | G41: Mecânico de Refrigeração | H41: Pintor | I41: Ajudantes (serventes) | J41: Motorista Cat. B | K41: Assistente técnico | L41: Oficial de Manutenção Predial | M41: Técnico de Segurança do Trabalho
A42: Submódulo 2.1 - 13º (décimo terceiro) Salário, Férias e Adicional de Férias | D42: Valor(R$) | E42: Valor(R$) | F42: Valor(R$) | G42: Valor(R$) | H42: Valor(R$) | I42: Valor(R$) | J42: Valor(R$) | K42: Valor(R$) | L42: Valor(R$) | M42: Valor(R$)
A43: A | B43: 13º (décimo terceiro) Salário | D43: =D39*8.33% -> 195.53342 | E43: =E39*8.33% -> 195.53342 | F43: =F39*8.33% -> 209.25376 | G43: =G39*8.33% -> 198.28315 | H43: =H39*8.33% -> 195.53342 | I43: =I39*8.33% -> 132.83601 | J43: =J39*8.33% -> 215.08726 | K43: =K39*8.33% -> 212.71821 | ... M43: =M39*8.33% -> 122.53263
A44: B | B44: Férias e Adicional de Férias | D44: =D39*12.1% -> 284.02814 | E44: =E39*12.1% -> 284.02814 | F44: =F39*12.1% -> 303.95805 | G44: =G39*12.1% -> 288.02235 | H44: =H39*12.1% -> 284.02814 | I44: =I39*12.1% -> 192.95507 | J44: =J39*12.1% -> 312.43168 | K44: =K39*12.1% -> 308.99044 | ... M44: =M39*12.1% -> 177.98858
B45: Total | D45: =SUM(D43:D44) -> 479.56156 | E45: =SUM(E43:E44) -> 479.56156 | F45: =SUM(F43:F44) -> 513.21182 | G45: =SUM(G43:G44) -> 486.3055 | H45: =SUM(H43:H44) -> 479.56156 | I45: =SUM(I43:I44) -> 325.79108 | J45: =SUM(J43:J44) -> 527.51894 | K45: =SUM(K43:K44) -> 521.70865 | ... M45: =SUM(M43:M44) -> 300.52121
A46: C | B46: Incidência do Submódulo 2.2 - Encargos previdenciários (GPS), FGTS e outras contribuições (Cálculo sobre a remuneração, pois será adotada a Conta Vinculada) | D46: =D39*7.82% -> 183.56199 | E46: =E39*7.82% -> 183.56199 | F46: =F39*7.82% -> 196.44231 | G46: =G39*7.82% -> 186.14337 | H46: =H39*7.82% -> 183.56199 | I46: =I39*7.82% -> 124.70319 | J46: =J39*7.82% -> 201.91866 | K46: =K39*7.82% -> 199.69465 | ... M46: =M39*7.82% -> 115.03064
A48: Submódulo 2.2 - Encargos Previdenciários (GPS), Fundo de Garantia por Tempo de Serviço (FGTS) e outras contribuições | D48: Serralheiro | E48: Vidraceiro | F48: Soldador | G48: Mecânico de Refrigeração | H48: Pintor | I48: Ajudantes (serventes) | J48: Motorista Cat. B | K48: Assistente técnico | L48: Oficial de Manutenção Predial | M48: Técnico de Segurança do Trabalho
A49: 2.2 | B49: GPS, FGTS e outras contribuições | C49: % | D49: Valor(R$) | E49: Valor(R$) | F49: Valor(R$) | G49: Valor(R$) | H49: Valor(R$) | I49: Valor(R$) | J49: Valor(R$) | K49: Valor(R$) | L49: Valor(R$) | M49: Valor(R$)
A50: A | B50: INSS | C50: 20 | D50: =(D39*($C$50/100)) -> 469.468 | E50: =(E39*($C$50/100)) -> 469.468 | F50: =(F39*($C$50/100)) -> 502.41 | G50: =(G39*($C$50/100)) -> 476.07 | H50: =(H39*($C$50/100)) -> 469.468 | I50: =(I39*($C$50/100)) -> 318.934 | J50: =(J39*($C$50/100)) -> 516.416 | K50: =(K39*($C$50/100)) -> 510.728 | ... M50: =(M39*($C$50/100)) -> 294.196
A51: B | B51: Salário Educação | C51: 2.5 | D51: =(D39*($C$51/100)) -> 58.6835 | E51: =(E39*($C$51/100)) -> 58.6835 | F51: =(F39*($C$51/100)) -> 62.80125 | G51: =(G39*($C$51/100)) -> 59.50875 | H51: =(H39*($C$51/100)) -> 58.6835 | I51: =(I39*($C$51/100)) -> 39.86675 | J51: =(J39*($C$51/100)) -> 64.552 | K51: =(K39*($C$51/100)) -> 63.841 | ... M51: =(M39*($C$51/100)) -> 36.7745
A52: C | B52: Seguro acidente do trabalho | C52: 6 | D52: =(D$39*($C$52/100)) -> 140.8404 | E52: =(E$39*($C$52/100)) -> 140.8404 | F52: =(F$39*($C$52/100)) -> 150.723 | G52: =(G$39*($C$52/100)) -> 142.821 | H52: =(H$39*($C$52/100)) -> 140.8404 | I52: =(I$39*($C$52/100)) -> 95.6802 | J52: =(J$39*($C$52/100)) -> 154.9248 | K52: =(K$39*($C$52/100)) -> 153.2184 | ... M52: =(M$39*($C$52/100)) -> 88.2588
A53: D | B53: SESI ou SESC | C53: 1.5 | D53: =(D$39*($C$53/100)) -> 35.2101 | E53: =(E$39*($C$53/100)) -> 35.2101 | F53: =(F$39*($C$53/100)) -> 37.68075 | G53: =(G$39*($C$53/100)) -> 35.70525 | H53: =(H$39*($C$53/100)) -> 35.2101 | I53: =(I$39*($C$53/100)) -> 23.92005 | J53: =(J$39*($C$53/100)) -> 38.7312 | K53: =(K$39*($C$53/100)) -> 38.3046 | ... M53: =(M$39*($C$53/100)) -> 22.0647
A54: E | B54: SENAI ou SENAC | C54: 1 | D54: =(D$39*($C$54/100)) -> 23.4734 | E54: =(E$39*($C$54/100)) -> 23.4734 | F54: =(F$39*($C$54/100)) -> 25.1205 | G54: =(G$39*($C$54/100)) -> 23.8035 | H54: =(H$39*($C$54/100)) -> 23.4734 | I54: =(I$39*($C$54/100)) -> 15.9467 | J54: =(J$39*($C$54/100)) -> 25.8208 | K54: =(K$39*($C$54/100)) -> 25.5364 | ... M54: =(M$39*($C$54/100)) -> 14.7098
A55: F | B55: SEBRAE | C55: 0.6 | D55: =(D$39*($C$55/100)) -> 14.08404 | E55: =(E$39*($C$55/100)) -> 14.08404 | F55: =(F$39*($C$55/100)) -> 15.0723 | G55: =(G$39*($C$55/100)) -> 14.2821 | H55: =(H$39*($C$55/100)) -> 14.08404 | I55: =(I$39*($C$55/100)) -> 9.56802 | J55: =(J$39*($C$55/100)) -> 15.49248 | K55: =(K$39*($C$55/100)) -> 15.32184 | ... M55: =(M$39*($C$55/100)) -> 8.82588
A56: G | B56: INCRA | C56: 0.2 | D56: =(D$39*($C$56/100)) -> 4.69468 | E56: =(E$39*($C$56/100)) -> 4.69468 | F56: =(F$39*($C$56/100)) -> 5.0241 | G56: =(G$39*($C$56/100)) -> 4.7607 | H56: =(H$39*($C$56/100)) -> 4.69468 | I56: =(I$39*($C$56/100)) -> 3.18934 | J56: =(J$39*($C$56/100)) -> 5.16416 | K56: =(K$39*($C$56/100)) -> 5.10728 | ... M56: =(M$39*($C$56/100)) -> 2.94196
A57: H | B57: FGTS | C57: 8 | D57: =(D$39*($C$57/100)) -> 187.7872 | E57: =(E$39*($C$57/100)) -> 187.7872 | F57: =(F$39*($C$57/100)) -> 200.964 | G57: =(G$39*($C$57/100)) -> 190.428 | H57: =(H$39*($C$57/100)) -> 187.7872 | I57: =(I$39*($C$57/100)) -> 127.5736 | J57: =(J$39*($C$57/100)) -> 206.5664 | K57: =(K$39*($C$57/100)) -> 204.2912 | ... M57: =(M$39*($C$57/100)) -> 117.6784
B58: TOTAL | C58: =SUM(C50:C57) -> 39.8 | D58: =SUM(D50:D57) -> 934.24132 | E58: =SUM(E50:E57) -> 934.24132 | F58: =SUM(F50:F57) -> 999.7959 | G58: =SUM(G50:G57) -> 947.3793 | H58: =SUM(H50:H57) -> 934.24132 | I58: =SUM(I50:I57) -> 634.67866 | J58: =SUM(J50:J57) -> 1027.6678 | ... M58: =SUM(M50:M57) -> 585.45004
B59: Itens não aplicáveis a Optantes do SIMPLES
A61: Submódulo 2.3 - Benefícios Mensais e Diários | D61: Serralheiro | E61: Vidraceiro | F61: Soldador | G61: Mecânico de Refrigeração | H61: Pintor | I61: Ajudantes (serventes) | J61: Motorista Cat. B | K61: Assistente técnico | L61: Oficial de Manutenção Predial | M61: Técnico de Segurança do Trabalho
A62: 2.3 | B62: Benefícios Mensais e Diários | D62: Valor(R$) | E62: Valor(R$) | F62: Valor(R$) | G62: Valor(R$) | H62: Valor(R$) | I62: Valor(R$) | J62: Valor(R$) | K62: Valor(R$) | L62: Valor(R$) | M62: Valor(R$)
A63: A | B63: Transporte -Cláusula 12ª da CCT - considerando 2 passagens/dia (BUI) - Benefício para renda mensal inferior ou igual a R$3.205,20 | D63: =(8.55*2*A20)-(6%*D20) -> 216.2076 | E63: =(8.55*2*A21)-(6%*D21) -> 216.2076 | F63: =(8.55*2*A22)-(6%*D22) -> 206.325 | G63: =(8.55*2*A23)-(6%*D23) -> 214.227 | H63: =(8.55*2*A24)-(6%*D24) -> 216.2076 | I63: =(8.55*2*A25)-(6%*D25) -> 261.3678 | J63: =(8.55*2*A26)-(6%*D26) -> 202.1232 | K63: =(8.55*2*A27)-(6%*D27) -> 203.8296 | L63: =(8.55*2*A28)-(6%*D28) -> 216.2076 | M63: =(8.55*2*A28)-(6%*D28) -> 216.2076
A64: B | B64: Ticket Alimentação - Cláusula 11ª da CCT | D64: 368 | E64: 368 | F64: 368 | G64: 368 | H64: 368 | I64: 368 | J64: 368 | K64: 368 | L64: 368 | M64: 368
A65: C | B65: Seguro de Vida em Grupo Cláusula 15ª CCT | D65: 0.26 | E65: 0.26 | F65: 0.26 | G65: 0.26 | H65: 0.26 | I65: 0.26 | J65: 0.26 | K65: 0.26 | L65: 0.26 | M65: 0.26
A66: D | B66: Outros
B67: Total de Benefícios Mensais e Diários | D67: =SUM(D63:D66) -> 584.4676 | E67: =SUM(E63:E66) -> 584.4676 | F67: =SUM(F63:F66) -> 574.585 | G67: =SUM(G63:G66) -> 582.487 | H67: =SUM(H63:H66) -> 584.4676 | I67: =SUM(I63:I66) -> 629.6278 | J67: =SUM(J63:J66) -> 570.3832 | K67: =SUM(K63:K66) -> 572.0896 | ... M67: =SUM(M63:M66) -> 584.4676
A69: Quadro-Resumo do Módulo 2 - Encargos e Benefícios anuais, mensais e diários | D69: Serralheiro | E69: Vidraceiro | F69: Soldador | G69: Mecânico de Refrigeração | H69: Pintor | I69: Ajudantes (serventes) | J69: Motorista Cat. B | K69: Assistente técnico | L69: Oficial de Manutenção Predial | M69: Técnico de Segurança do Trabalho
A70: 2 | B70: Encargos e Benefícios Anuais, Mensais e Diários | D70: Valor (R$) | E70: Valor (R$) | F70: Valor (R$) | G70: Valor (R$) | H70: Valor (R$) | I70: Valor (R$) | J70: Valor (R$) | K70: Valor (R$) | L70: Valor (R$) | M70: Valor (R$)
A71: 2.1 | B71: 13º (décimo terceiro) Salário, Férias e Adicional de Férias | D71: =D45 -> 479.56156 | E71: =E45 -> 479.56156 | F71: =F45 -> 513.21182 | G71: =G45 -> 486.3055 | H71: =H45 -> 479.56156 | I71: =I45 -> 325.79108 | J71: =J45 -> 527.51894 | K71: =K45 -> 521.70865 | ... M71: =M45 -> 300.52121
A72: 2.2 | B72: GPS, FGTS e outras contribuições | D72: =D58+D46 -> 1117.8033 | E72: =E58+E46 -> 1117.8033 | F72: =F58+F46 -> 1196.2382 | G72: =G58+G46 -> 1133.5227 | H72: =H58+H46 -> 1117.8033 | I72: =I58+I46 -> 759.38185 | J72: =J58+J46 -> 1229.5865 | K72: =K58+K46 -> 1216.0434 | ... M72: =M58+M46 -> 700.48068
A73: 2.3 | B73: Benefícios Mensais e Diários | D73: =D67 -> 584.4676 | E73: =E67 -> 584.4676 | F73: =F67 -> 574.585 | G73: =G67 -> 582.487 | H73: =H67 -> 584.4676 | I73: =I67 -> 629.6278 | J73: =J67 -> 570.3832 | K73: =K67 -> 572.0896 | ... M73: =M67 -> 584.4676
B74: Total | D74: =SUM(D71:D73) -> 2181.8325 | E74: =SUM(E71:E73) -> 2181.8325 | F74: =SUM(F71:F73) -> 2284.035 | G74: =SUM(G71:G73) -> 2202.3152 | H74: =SUM(H71:H73) -> 2181.8325 | I74: =SUM(I71:I73) -> 1714.8007 | J74: =SUM(J71:J73) -> 2327.4886 | K74: =SUM(K71:K73) -> 2309.8416 | ... M74: =SUM(M71:M73) -> 1585.4695
A76: MÓDULO 3: PROVISÃO PARA RESCISÃO | D76: Serralheiro | E76: Vidraceiro | F76: Soldador | G76: Mecânico de Refrigeração | H76: Pintor | I76: Ajudantes (serventes) | J76: Motorista Cat. B | K76: Assistente técnico | L76: Oficial de Manutenção Predial | M76: Técnico de Segurança do Trabalho
A77: 3 | B77: Provisão para Rescisão | D77: Valor(R$) | E77: Valor(R$) | F77: Valor(R$) | G77: Valor(R$) | H77: Valor(R$) | I77: Valor(R$) | J77: Valor(R$) | K77: Valor(R$) | L77: Valor(R$) | M77: Valor(R$)
A78: A | B78: Aviso prévio indenizado | D78: =((D39+D43+D44)/12)*5% -> 11.778757 | E78: =((E39+E43+E44)/12)*5% -> 11.778757 | F78: =((F39+F43+F44)/12)*5% -> 12.605258 | G78: =((G39+G43+G44)/12)*5% -> 11.944398 | H78: =((H39+H43+H44)/12)*5% -> 11.778757 | I78: =((I39+I43+I44)/12)*5% -> 8.0019212 | J78: =((J39+J43+J44)/12)*5% -> 12.956662 | K78: =((K39+K43+K44)/12)*5% -> 12.813953 | ... M78: =((M39+M43+M44)/12)*5% -> 7.3812551
A79: B | B79: Incidência do FGTS sobre o Aviso Prévio Indenizado | D79: =((D39+D43)/12)*5%*8% -> 0.84762447 | E79: =((E39+E43)/12)*5%*8% -> 0.84762447 | F79: =((F39+F43)/12)*5%*8% -> 0.90710126 | G79: =((G39+G43)/12)*5%*8% -> 0.85954438 | H79: =((H39+H43)/12)*5%*8% -> 0.84762447 | I79: =((I39+I43)/12)*5%*8% -> 0.57583534 | J79: =((J39+J43)/12)*5%*8% -> 0.93238909 | K79: =((K39+K43)/12)*5%*8% -> 0.9221194 | ... M79: =((M39+M43)/12)*5%*8% -> 0.53117088
A80: C | B80: Multa do FGTS e contribuição social sobre o aviso prévio indenizado | D80: 0 | E80: 0 | F80: 0 | G80: 0 | H80: 0 | I80: 0 | J80: 0 | K80: 0 | L80: 0 | M80: 0
A81: D | B81: Aviso prévio trabalhado | D81: =(((D39+D65)/30/12)*7) -> 45.647778 | E81: =(((E39+E65)/30/12)*7) -> 45.647778 | F81: =(((F39+F65)/30/12)*7) -> 48.850472 | G81: =(((G39+G65)/30/12)*7) -> 46.289639 | H81: =(((H39+H65)/30/12)*7) -> 45.647778 | I81: =(((I39+I65)/30/12)*7) -> 31.012528 | J81: =(((J39+J65)/30/12)*7) -> 50.212167 | K81: =(((K39+K65)/30/12)*7) -> 49.659167 | ... M81: =(((M39+M65)/30/12)*7) -> 28.607444
A82: E | B82: Incidência de GPS, FGTS e outras contribuições sobre o aviso prévio trabalhado | D82: =(D39/30/12*7)*8% -> 3.6514178 | E82: =(E39/30/12*7)*8% -> 3.6514178 | F82: =(F39/30/12*7)*8% -> 3.9076333 | G82: =(G39/30/12*7)*8% -> 3.7027667 | H82: =(H39/30/12*7)*8% -> 3.6514178 | I82: =(I39/30/12*7)*8% -> 2.4805978 | J82: =(J39/30/12*7)*8% -> 4.0165689 | K82: =(K39/30/12*7)*8% -> 3.9723289 | ... M82: =(M39/30/12*7)*8% -> 2.2881911
A83: F | B83: Multa do FGTS e contribuição social sobre o aviso prévio trabalhado | D83: =D39*4% -> 93.8936 | E83: =E39*4% -> 93.8936 | F83: =F39*4% -> 100.482 | G83: =G39*4% -> 95.214 | H83: =H39*4% -> 93.8936 | I83: =I39*4% -> 63.7868 | J83: =J39*4% -> 103.2832 | K83: =K39*4% -> 102.1456 | ... M83: =M39*4% -> 58.8392
B84: TOTAL | D84: =SUM(D78:D83) -> 155.81918 | E84: =SUM(E78:E83) -> 155.81918 | F84: =SUM(F78:F83) -> 166.75246 | G84: =SUM(G78:G83) -> 158.01035 | H84: =SUM(H78:H83) -> 155.81918 | I84: =SUM(I78:I83) -> 105.85768 | J84: =SUM(J78:J83) -> 171.40099 | K84: =SUM(K78:K83) -> 169.51317 | ... M84: =SUM(M78:M83) -> 97.647261
A86: MÓDULO 4: CUSTO DE REPOSIÇÃO DO PROFISSIONAL AUSENTE | D86: Serralheiro | E86: Vidraceiro | F86: Soldador | G86: Mecânico de Refrigeração | H86: Pintor | I86: Ajudantes (serventes) | J86: Motorista Cat. B | K86: Assistente técnico | L86: Oficial de Manutenção Predial | M86: Técnico de Segurança do Trabalho
A87: 4.1 | B87: Submódulo 4.1. Ausências legais | D87: Valor(R$) | E87: Valor(R$) | F87: Valor(R$) | G87: Valor(R$) | H87: Valor(R$) | I87: Valor(R$) | J87: Valor(R$) | K87: Valor(R$) | L87: Valor(R$) | M87: Valor(R$)
A88: A | B88: Substituto na cobertura de férias | D88: 0 | E88: 0 | F88: 0 | G88: 0 | H88: 0 | I88: 0 | J88: 0 | K88: 0 | L88: 0 | M88: 0
A89: B | B89: Substituto na cobertura de Ausências legais | D89: =(((D39+D74+D84+D92+D113)-(D63-D64-D110-D111))/30*2.96)/12 -> 41.000555 | E89: =(((E39+E74+E84+E92+E113)-(E63-E64-E110-E111))/30*2.96)/12 -> 41.000555 | F89: =(((F39+F74+F84+F92+F113)-(F63-F64-F110-F111))/30*2.96)/12 -> 43.372778 | G89: =(((G39+G74+G84+G92+G113)-(G63-G64-G110-G111))/30*2.96)/12 -> 41.349802 | H89: =(((H39+H74+H84+H92+H113)-(H63-H64-H110-H111))/30*2.96)/12 -> 40.967289 | I89: =(((I39+I74+I84+I92+I113)-(I63-I64-I110-I111))/30*2.96)/12 -> 30.259424 | J89: =(((J39+J74+J84+J92+J113)-(J63-J64-J110-J111))/30*2.96)/12 -> 43.86107 | K89: =(((K39+K74+K84+K92+K113)-(K63-K64-K110-K111))/30*2.96)/12 -> 43.451465 | ... M89: =(((M39+M74+M84+M92+M113)-(M63-M64-M110-M111))/30*2.96)/12 -> 28.014002
A90: C | B90: Substituto na cobertura de Licença paternidade | D90: =(((D39+D74+D84+D92+D113)-(D63-D64-D110-D111))/30*5*1.5%)/12 -> 1.0388654 | E90: =(((E39+E74+E84+E92+E113)-(E63-E64-E110-E111))/30*5*1.5%)/12 -> 1.0388654 | F90: =(((F39+F74+F84+F92+F113)-(F63-F64-F110-F111))/30*5*1.5%)/12 -> 1.0989724 | G90: =(((G39+G74+G84+G92+G113)-(G63-G64-G110-G111))/30*5*1.5%)/12 -> 1.0477146 | H90: =(((H39+H74+H84+H92+H113)-(H63-H64-H110-H111))/30*5*1.5%)/12 -> 1.0380225 | I90: =(((I39+I74+I84+I92+I113)-(I63-I64-I110-I111))/30*5*1.5%)/12 -> 0.76670839 | J90: =(((J39+J74+J84+J92+J113)-(J63-J64-J110-J111))/30*5*1.5%)/12 -> 1.1113447 | K90: =(((K39+K74+K84+K92+K113)-(K63-K64-K110-K111))/30*5*1.5%)/12 -> 1.1009662 | ... M90: =(((M39+M74+M84+M92+M113)-(M63-M64-M110-M111))/30*5*1.5%)/12 -> 0.70981425
A91: D | B91: Substituto na cobertura de Ausência por Acidente de trabalho | D91: =(((D39+D74+D84+D92+D113)-(D63-D64-D110-D111))/30*15*0.78%)/12 -> 1.62063 | E91: =(((E39+E74+E84+E92+E113)-(E63-E64-E110-E111))/30*15*0.78%)/12 -> 1.62063 | F91: =(((F39+F74+F84+F92+F113)-(F63-F64-F110-F111))/30*15*0.78%)/12 -> 1.7143969 | G91: =(((G39+G74+G84+G92+G113)-(G63-G64-G110-G111))/30*15*0.78%)/12 -> 1.6344347 | H91: =(((H39+H74+H84+H92+H113)-(H63-H64-H110-H111))/30*15*0.78%)/12 -> 1.6193151 | I91: =(((I39+I74+I84+I92+I113)-(I63-I64-I110-I111))/30*15*0.78%)/12 -> 1.1960651 | J91: =(((J39+J74+J84+J92+J113)-(J63-J64-J110-J111))/30*15*0.78%)/12 -> 1.7336977 | K91: =(((K39+K74+K84+K92+K113)-(K63-K64-K110-K111))/30*15*0.78%)/12 -> 1.7175072 | ... M91: =(((M39+M74+M84+M92+M113)-(M63-M64-M110-M111))/30*15*0.78%)/12 -> 1.1073102
A92: E | B92: Substituto na cobertura de Afastamento Maternidade | D92: =(((D44*3.95/12)+(D65*3.95*1.02%))/12+((D39+D43)*39.8%*3.95)*1.02%/12) -> 11.189926 | E92: =(((E44*3.95/12)+(E65*3.95*1.02%))/12+((E39+E43)*39.8%*3.95)*1.02%/12) -> 11.189926 | F92: =(((F44*3.95/12)+(F65*3.95*1.02%))/12+((F39+F43)*39.8%*3.95)*1.02%/12) -> 11.975049 | G92: =(((G44*3.95/12)+(G65*3.95*1.02%))/12+((G39+G43)*39.8%*3.95)*1.02%/12) -> 11.347275 | H92: =(((H44*3.95/12)+(H65*3.95*1.02%))/12+((H39+H43)*39.8%*3.95)*1.02%/12) -> 11.189926 | I92: =(((I44*3.95/12)+(I66*3.95*1.02%))/12+((I39+I43)*39.8%*3.95)*1.02%/12) -> 7.6013051 | J92: =(((J44*3.95/12)+(J65*3.95*1.02%))/12+((J39+J43)*39.8%*3.95)*1.02%/12) -> 12.30886 | K92: =(((K44*3.95/12)+(K65*3.95*1.02%))/12+((K39+K43)*39.8%*3.95)*1.02%/12) -> 12.173295 | L92: =(((L44*3.95/12)+(L65*3.95*1.02%))/12+((L39+L43)*39.8%*3.95)*1.02%/12) -> 11.189926 | M92: =(((M44*3.95/12)+(M65*3.95*1.02%))/12+((M39+M43)*39.8%*3.95)*1.02%/12) -> 7.0125856
A93: F | B93: Substituto na cobertura de outras ausências (especificar) | D93: 0 | E93: 0 | F93: 0 | G93: 0 | H93: 0 | I93: 0 | J93: 0 | K93: 0 | L93: 0 | M93: 0
B94: TOTAL | D94: =SUM(D88:D93) -> 54.849977 | E94: =SUM(E88:E93) -> 54.849977 | F94: =SUM(F88:F93) -> 58.161195 | G94: =SUM(G88:G93) -> 55.379226 | H94: =SUM(H88:H93) -> 54.814553 | I94: =SUM(I88:I93) -> 39.823503 | J94: =SUM(J88:J93) -> 59.014972 | K94: =SUM(K88:K93) -> 58.443234 | ... M94: =SUM(M88:M93) -> 36.843713
A96: Submódulo 4.2 - Intrajornada | D96: Serralheiro | E96: Vidraceiro | F96: Soldador | G96: Mecânico de Refrigeração | H96: Pintor | I96: Ajudantes (serventes) | J96: Motorista Cat. B | K96: Assistente técnico | L96: Oficial de Manutenção Predial | M96: Técnico de Segurança do Trabalho
A97: 4.2 | B97: Intrajornada | D97: Valor(R$) | E97: Valor(R$) | F97: Valor(R$) | G97: Valor(R$) | H97: Valor(R$) | I97: Valor(R$) | J97: Valor(R$) | K97: Valor(R$) | L97: Valor(R$) | M97: Valor(R$)
A98: A | B98: Intervalo para repouso ou alimentação | D98: 0 | E98: 0 | F98: 0 | G98: 0 | H98: 0 | I98: 0 | J98: 0 | K98: 0 | L98: 0 | M98: 0
B99: TOTAL | D99: 0 | E99: 0 | F99: 0 | G99: 0 | H99: 0 | I99: 0 | J99: 0 | K99: 0 | L99: 0 | M99: 0
A101: Quadro-Resumo do Módulo 4 - Custo de Reposição do Profissional Ausente | D101: Serralheiro | E101: Vidraceiro | F101: Soldador | G101: Mecânico de Refrigeração | H101: Pintor | I101: Ajudantes (serventes) | J101: Motorista Cat. B | K101: Assistente técnico | L101: Oficial de Manutenção Predial | M101: Técnico de Segurança do Trabalho
A102: 4 | B102: Custo de reposição | D102: Valor (R$) | E102: Valor (R$) | F102: Valor (R$) | G102: Valor (R$) | H102: Valor (R$) | I102: Valor (R$) | J102: Valor (R$) | K102: Valor (R$) | L102: Valor (R$) | M102: Valor (R$)
A103: 4.1 | B103: Ausências legais | D103: =D94 -> 54.849977 | E103: =E94 -> 54.849977 | F103: =F94 -> 58.161195 | G103: =G94 -> 55.379226 | H103: =H94 -> 54.814553 | I103: =I94 -> 39.823503 | J103: =J94 -> 59.014972 | K103: =K94 -> 58.443234 | ... M103: =M94 -> 36.843713
A104: 4.2 | B104: Intrajornada | D104: 0 | E104: 0 | F104: 0 | G104: 0 | H104: 0 | I104: 0 | J104: 0 | K104: 0 | L104: 0 | M104: 0
B105: Total | D105: =SUM(D103:D104) -> 54.849977 | E105: =SUM(E103:E104) -> 54.849977 | F105: =SUM(F103:F104) -> 58.161195 | G105: =SUM(G103:G104) -> 55.379226 | H105: =SUM(H103:H104) -> 54.814553 | I105: =SUM(I103:I104) -> 39.823503 | J105: =SUM(J103:J104) -> 59.014972 | K105: =SUM(K103:K104) -> 58.443234 | ... M105: =SUM(M103:M104) -> 36.843713
A107: MÓDULO 5: INSUMOS DIVERSOS | D107: Serralheiro | E107: Vidraceiro | F107: Soldador | G107: Mecânico de Refrigeração | H107: Pintor | I107: Ajudantes (serventes) | J107: Motorista Cat. B | K107: Assistente técnico | L107: Oficial de Manutenção Predial | M107: Técnico de Segurança do Trabalho
A108: 5 | B108: Insumos Diversos | D108: Valor(R$) | E108: Valor(R$) | F108: Valor(R$) | G108: Valor(R$) | H108: Valor(R$) | I108: Valor(R$) | J108: Valor(R$) | K108: Valor(R$) | L108: Valor(R$) | M108: Valor(R$)
A109: A | B109: Uniformes E EPIS | D109: ='Anexo III-B Uniformes'!G325 -> 138.58 | E109: ='Anexo III-B Uniformes'!G359 -> 138.58 | F109: ='Anexo III-B Uniformes'!G325 -> 138.58 | G109: ='Anexo III-B Uniformes'!G291 -> 123.23417 | H109: ='Anexo III-B Uniformes'!G126 -> 134.53417 | I109: ='Anexo III-B Uniformes'!G260 -> 150.63833 | J109: ='Anexo III-B Uniformes'!F427 -> 75.299167 | K109: ='Anexo III-B Uniformes'!F439 -> 75.299167 | L109: ='Anexo III-B Uniformes'!G474 -> 176.70417 | M109: ='Anexo III-B Uniformes'!G415 -> 94.206667
A110: B | B110: Materiais
A111: C | B111: Equipamentos
A112: D | B112: Outros
B113: Total de Insumos Diversos | D113: =SUM(D109:D112) -> 138.58 | E113: =SUM(E109:E112) -> 138.58 | F113: =SUM(F109:F112) -> 138.58 | G113: =SUM(G109:G112) -> 123.23417 | H113: =SUM(H109:H112) -> 134.53417 | I113: =SUM(I109:I112) -> 150.63833 | J113: =SUM(J109:J112) -> 75.299167 | K113: =SUM(K109:K112) -> 75.299167 | ... M113: =SUM(M109:M112) -> 94.206667
A115: MÓDULO 6: CUSTOS INDIRETOS, TRIBUTOS E LUCRO – (LUCRO PRESUMIDO) | D115: Serralheiro | E115: Vidraceiro | F115: Soldador | G115: Mecânico de Refrigeração | H115: Pintor | I115: Ajudantes (serventes) | J115: Motorista Cat. B | K115: Assistente técnico | L115: Oficial de Manutenção Predial | M115: Técnico de Segurança do Trabalho
...

Sheet Anexo IV B - Custo Total MDO
A1: (PLANILHA A SER FORNECIDA PELA PROPONENTE EM PAPEL TIMBRADO)
A2: EMPRESA (nome da empresa)
A3: CNPJ N.º : (n.º do CNPJ)
A4: ANEXO IV- B
A5: PLANILHA DE COMPOSIÇÃO DE CUSTOS E FORMAÇÃO DE PREÇOS (Anexo VII da I.N. da SLTI/MPOG n.º 5 de 26/Maio/2017
A6: Contratação de empresa para prestação de serviços continuados de Manutenção Predial, com regime de dedicação exclusiva de mão de obra, com fornecimento de materiais de reposição e atendimento da Universidade Federal Fluminense
A7: Processo 23069.167799/2024-18
A9: Custo total da contratação
A10: ITEM | B10: DISCRIMINAÇÃO DO POSTO | C10: POSTOS | D10: FUNCIONÁRIOS | E10: VALOR MENSAL POR POSTO | F10: TOTAL MENSAL | G10: TOTAL ANUAL
A11: 1 | B11: Supervisor | C11: 6 | D11: 6 | E11: ='An IV A Custo G1'!D161 -> 13183.355 | F11: =E11*C11 -> 79100.127 | G11: =12*F11 -> 949201.53
A12: 2 | B12: Técnico em Eletrotécnica | C12: 4 | D12: 4 | E12: ='An IV A Custo G1'!E161 -> 10127.424 | F12: =E12*C12 -> 40509.697 | G12: =12*F12 -> 486116.36
A13: 3 | B13: Eletricista de Manutenção | C13: 19 | D13: 19 | E13: ='An IV A Custo G1'!F161 -> 6264.0841 | F13: =E13*C13 -> 119017.6 | G13: =12*F13 -> 1428211.2
A14: 4 | B14: Meio Oficial de Elétrica | C14: 9 | D14: 9 | E14: ='An IV A Custo G1'!G161 -> 4875.3194 | F14: =E14*C14 -> 43877.874 | G14: =12*F14 -> 526534.49
A15: 5 | B15: Eletricista de Manutenção (plantão) 12x36h | C15: 1 | D15: 2 | E15: ='An IV A Custo G1'!H162 -> 12281.885 | F15: =E15*C15 -> 12281.885 | G15: =12*F15 -> 147382.62
A16: 6 | B16: Bombeiro Hidráulico | C16: 19 | D16: 19 | E16: ='An IV A Custo G1'!I161 -> 6284.928 | F16: =E16*C16 -> 119413.63 | G16: =12*F16 -> 1432963.6
A17: 7 | B17: Bombeiro Hidráulico (plantão) 12x36h | C17: 1 | D17: 2 | E17: ='An IV A Custo G1'!J162 -> 12323.572 | F17: =E17*C17 -> 12323.572 | G17: =12*F17 -> 147882.87
A18: 8 | B18: Carpinteiro | C18: 3 | D18: 3 | E18: ='An IV A Custo G1'!K161 -> 6178.1624 | F18: =E18*C18 -> 18534.487 | G18: =12*F18 -> 222413.84
A19: 9 | B19: Pedreiro | C19: 16 | D19: 16 | E19: ='An IV A Custo G1'!L161 -> 6198.7286 | F19: =E19*C19 -> 99179.658 | G19: =12*F19 -> 1190155.9
A20: 10 | B20: Gesseiro | C20: 1 | D20: 1 | E20: ='An IV A Custo G1'!M161 -> 6200.6504 | F20: =E20*C20 -> 6200.6504 | G20: =12*F20 -> 74407.805
A21: 11 | B21: Serralheiro | C21: 3 | D21: 3 | E21: ='An IV A Custo G2'!D161 -> 6195.9175 | F21: =E21*C21 -> 18587.752 | G21: =12*F21 -> 223053.03
A22: 12 | B22: Vidraceiro | C22: 1 | D22: 1 | E22: ='An IV A Custo G2'!E161 -> 6195.9175 | F22: =E22*C22 -> 6195.9175 | G22: =12*F22 -> 74351.01
A23: 13 | B23: Soldador | C23: 1 | D23: 1 | E23: ='An IV A Custo G2'!F161 -> 6553.0055 | F23: =E23*C23 -> 6553.0055 | G23: =12*F23 -> 78636.066
A24: 14 | B24: Mecânico de Refrigeração | C24: 8 | D24: 8 | E24: ='An IV A Custo G2'!G161 -> 6247.8216 | F24: =E24*C24 -> 49982.573 | G24: =12*F24 -> 599790.88
A25: 15 | B25: Pintor | C25: 6 | D25: 6 | E25: ='An IV A Custo G2'!H161 -> 6190.734 | F25: =E25*C25 -> 37144.404 | G25: =12*F25 -> 445732.85
A26: 16 | B26: Ajudantes (serventes) | C26: 34 | D26: 34 | E26: ='An IV A Custo G2'!I161 -> 4579.5916 | F26: =E26*C26 -> 155706.12 | G26: =12*F26 -> 1868473.4
A27: 17 | B27: Motorista Cat. B | C27: 3 | D27: 3 | E27: ='An IV A Custo G2'!J161 -> 6623.7546 | F27: =E27*C27 -> 19871.264 | G27: =12*F27 -> 238455.17
A28: 18 | B28: Assistente técnico | C28: 1 | D28: 1 | E28: ='An IV A Custo G2'!K161 -> 6562.0973 | F28: =E28*C28 -> 6562.0973 | G28: =12*F28 -> 78745.167
A29: 19 | B29: Oficial de Manutenção Predial | C29: 3 | D29: 3 | E29: ='An IV A Custo G2'!L161 -> 6244.7616 | F29: =E29*C29 -> 18734.285 | G29: =12*F29 -> 224811.42
A30: 20 | B30: Técnico de Segurança do Trabalho 20h | C30: 1 | D30: 1 | E30: ='An IV A Custo G2'!M161 -> 4172.3537 | F30: =E30*C30 -> 4172.3537 | G30: =12*F30 -> 50068.244
A31: TOTAL | C31: =SUM(C11:C30) -> 140 | D31: =SUM(D11:D30) -> 142 | F31: =SUM(F11:F30) -> 873948.95 | G31: =12*F31 -> 10487387

Sheet Anexo IV C BDI Serviços
A1: PRÓ-REITORIA DE ADMINISTRAÇÃO
A2: COORDENAÇÃO DE CONTRATOS
A4: Anexo IV C - PLANILHA DE COMPOSIÇÃO DE BDI Serviços
A5: Contratação de empresa para prestação de serviços continuados de Manutenção Predial, com regime de dedicação exclusiva de mão de obra, com fornecimento de materiais de reposição e atendimento da Universidade Federal Fluminense
A7: ITEM | B7: DESCRIÇÃO | D7: TAXA
A8: 1 | B8: Administração Central (AC) | D8: 0.04
A9: 2 | B9: Seguro + Garantia (S + G) | D9: 0.008
A10: 3 | B10: Risco ® | D10: 0.0127
A11: 4 | B11: Outros (especificar) (O) | D11: 0
A12: 5 | B12: Subtotal [(AC + S + G + R + O)] | D12: =SUM(D8:D11) -> 0.0607
A13: 6 | B13: Despesas Financeiras (DF) | D13: 0.0123
A14: 7 | B14: Lucro (L) | D14: 0.074
A15: 8 | B15: Outros (especificar) (O) | D15: 0
A16: 9 | B16: Subtotal [(1+DF)x(1+L)x(1+O)] | D16: =(D13+1)*(1+D14)*(1+D15)-1 -> 0.0872102
A17: Total de Benefícios e Despesas - TBD (incidência de subtotal 9 sobre subtotal 5) | D17: =((1+D$16)*(1+D$12))-1 -> 0.15320386
A18: 10 | B18: Impostos e Taxas | C18: COFINS | D18: 0.03
C19: PIS | D19: 0.0065
C20: ISS | D20: 0.05
C21: Subtotal de Impostos (COFINS+PIS+ISS) | D21: =SUM(D18:D20) -> 0.0865
C22: Contribuição Previdenciária sobre receita bruta (CPRB)
C23: Total de Tributos (COFINS+PIS+ISS+CPRB) = TT | D23: =D21+D22 -> 0.0865
A24: VALOR DO BDI = [(1+TBD) / (1-TT)]-1 | D24: =((D$17+1)/(1-D23))-1 -> 0.2624016
A25: Local e data:
A26: Responsável Técnico pelo Orçamento: | D26: CREA:
A28: Responsável legal pela empresa:
A30: OBS: A planilha deve ser assinada pelo responsável técnico pela sua confecção (Art. 14 Lei 5.194/66), identificado através de carimbo com número do CREA e pelo representante legal da empresa, com carimbo do CNPJ.
A33: Fórmula utilizada:
A34: PV = CD x (1 + BDI%/100) < > | C34: BDI = [ (1 +(AC + S + R + G)) x (1 +DF) x (1 + L) ] -1
A35: sendo: | C35: (1 -TT)
A36: PV - preço de venda
A37: CD - custo direto
A38: BDI - benefícios e despesas indiretas
A39: AC - Taxa de despesa de Administração Central
A40: S - Taxa de seguros
A41: R - Taxa de risco
A42: G - Taxa de garantias
A43: DF - Taxa de despesas financeiras
A44: L - Taxa de lucro
A45: I - Taxa de impostos
A47: Base do BDI, conforme Acórdão 2.622/2013, média das alíquotas por tipo de obra "construção de edifícios"

Sheet Anexo IV D BDI Material
A1: PRÓ-REITORIA DE ADMINISTRAÇÃO
A2: COORDENAÇÃO DE CONTRATOS
A4: Anexo IV D - PLANILHA DE COMPOSIÇÃO DE BDI Material
A5: Contratação de empresa para prestação de serviços continuados de Manutenção Predial, com regime de dedicação exclusiva de mão de obra, com fornecimento de materiais de reposição e atendimento da Universidade Federal Fluminense
A7: ITEM | B7: DESCRIÇÃO | D7: TAXA
A8: 1 | B8: Administração Central (AC) | D8: 0.0345
A9: 2 | B9: Seguro + Garantia (S + G) | D9: 0.0048
A10: 3 | B10: Risco ® | D10: 0.0085
A11: 4 | B11: Outros (especificar) (O) | D11: 0
A12: 5 | B12: Subtotal [(AC + S + G + R + O)] | D12: =SUM(D8:D11) -> 0.0478
A13: 6 | B13: Despesas Financeiras (DF) | D13: 0.0085
A14: 7 | B14: Lucro (L) | D14: 0.0511
A15: 8 | B15: Outros (especificar) (O) | D15: 0
A16: 9 | B16: Subtotal [(1+DF)x(1+L)x(1+O)] | D16: =(D13+1)*(1+D14)*(1+D15)-1 -> 0.06003435
A17: Total de Benefícios e Despesas - TBD (incidência de subtotal 9 sobre subtotal 5) | D17: =((1+D16)*(1+D12))-1 -> 0.11070399
A18: 10 | B18: Impostos e Taxas | C18: COFINS | D18: 0.03
C19: PIS | D19: 0.0065
C20: ISS
C21: Subtotal de Impostos (COFINS+PIS+ISS) | D21: =SUM(D18:D20) -> 0.0365
C22: Contribuição Previdenciária sobre receita bruta (CPRB) | D22: 0
C23: Total de Tributos (COFINS+PIS+ISS+CPRB) = TT | D23: =D21+D22 -> 0.0365
A24: VALOR DO BDI = [(1+TBD) / (1-TT)]-1 | D24: =((D$17+1)/(1-D23))-1 -> 0.15278048
A25: Local e data:
A26: Responsável Técnico pelo Orçamento: | D26: CREA:
A28: Responsável legal pela empresa:
A30: OBS: A planilha deve ser assinada pelo responsável técnico pela sua confecção (Art. 14 Lei 5.194/66), identificado através de carimbo com número do CREA e pelo representante legal da empresa, com carimbo do CNPJ.
A33: Fórmula utilizada:
A34: PV = CD x (1 + BDI%/100) < > | C34: BDI = [ (1 +(AC + S + R + G)) x (1 +DF) x (1 + L) ] -1
A35: sendo: | C35: (1 -TT)
A36: PV - preço de venda
A37: CD - custo direto
A38: BDI - benefícios e despesas indiretas
A39: AC - Taxa de despesa de Administração Central
A40: S - Taxa de seguros
A41: R - Taxa de risco
A42: G - Taxa de garantias
A43: DF - Taxa de despesas financeiras
A44: L - Taxa de lucro
A45: I - Taxa de impostos
A47: Base do BDI, conforme Acórdão 2.622/2013, média das alíquotas por tipo de obra "construção de edifícios"

Sheet Anexo IV E - Custo Total 
A1: (PLANILHA A SER FORNECIDA PELA PROPONENTE EM PAPEL TIMBRADO)
A2: EMPRESA (nome da empresa)
A3: CNPJ N.º : (n.º do CNPJ)
A4: ANEXO IV- E
A5: PLANILHA DE COMPOSIÇÃO DE CUSTOS E FORMAÇÃO DE PREÇOS (Anexo VII da I.N. da SLTI/MPOG n.º 5 de 26/Maio/2017
A6: Contratação de empresa para prestação de serviços continuados de Manutenção Predial, com regime de dedicação exclusiva de mão de obra, com fornecimento de materiais de reposição e atendimento da Universidade Federal Fluminense
A7: Processo 23069.167799/2024-18
A10: Item | B10: Descrição | C10: Unidade | D10: Quantidade | E10: Cálculo Mensal | I10: Total Estimado (Custo x 12 meses)
E11: Custo Máximo Mensal | F11: Desconto Ofertado | G11: BDI (Serviço ou Material) | H11: Total Mensal
A12: 1 | B12: Mão de obra permanente | C12: Mês | D12: 12 | E12: ='Anexo IV B - Custo Total MDO'!F31 -> 873948.95 | H12: =E12 -> 873948.95 | I12: =12*H12 -> 10487387
A13: 2 | B13: Custo de aluguel de equipamentos e/ou ferramentas para manutenção predial sem utilização recorrente (como guindauto com capacidade mínima de 6.200 kg, com operador - estimado 40 horas/mês, betoneira, andaimes, plataforma elevatória, martelo demolidor, megômetro, terrômetro, termovisor, entre outros) | C13: Hora | D13: 480 | E13: =40*302.05 -> 12082 | G13: ='Anexo IV C BDI Serviços'!D24 -> 0.2624016 | H13: =(E13-(F13*E13))+(G13*(E13-(F13*E13))) -> 15252.336 | I13: =12*H13 -> 183028.03
A14: 3 | B14: Serviços eventuais (7% da mão de obra) | C14: Mês | D14: 12 | E14: =7%*E12 -> 61176.426 | G14: ='Anexo IV C BDI Serviços'!D24 -> 0.2624016 | H14: =(E14-(F14*E14))+(G14*(E14-(F14*E14))) -> 77229.218 | I14: =12*H14 -> 926750.62
A15: 4 | B15: Peças para manutenção (7% mão de obra) | C15: Mês | D15: 12 | E15: =7%*E12 -> 61176.426 | G15: ='Anexo IV D BDI Material'!D24 -> 0.15278048 | H15: =(E15-(F15*E15))+(G15*(E15-(F15*E15))) -> 70522.99 | I15: =12*H15 -> 846275.88
A16: TOTAL GRUPO 1 (VALOR DO LANCE COMPRASNET) | H16: =SUM(H12:H15) -> 1036953.5 | I16: =SUM(I12:I15) -> 12443442
